 Dungeon Crawl Stone Soup version 0.32-a0-630-g46d191b (webtiles) character file.

Game seed: 5753826817298212443

18495433 rotlqkf the Middleweight Champion (level 27, 191/191 HPs)
             Began as a Vine Stalker Monk on Mar 6, 2024.
             Was a Follower of Uskayaw.
             Escaped with the Orb
             ... and 15 runes
             ... and 1 gem!
             The game lasted 03:45:51 (83852 turns).

rotlqkf the Middleweight Champion (VSMo)           Turns: 83852, Time: 03:45:52

Health: 191/191    AC: 13    Str: 31    XL:     27
Magic:  41/51      EV: 41    Int: 14    God:    Uskayaw [*.....]
Gold:   9680       SH:  0    Dex: 28    Spells: 59/73 levels left

rFire   + +          +
                       - Unarmed
rCold   + + +        (no shield)
rNeg    + + +        K - +3 robe of Shadows and Fog {rElec Str+3 Int+4 Archmagi}
rPois   ∞            E - +1 helmet of the Snake Pit {rElec rF+ Will+ Str-2}
rElec   +            g - scarf "Rycutz" {rC+ rF+, +Inv rElec rN+ Slay+2}
rCorr   .            V - +2 pair of gloves {Str+3}
SInv    +            k - +2 pair of boots {rampage}
Will    +++++        i - amulet of Gafed {Faith Dex+4}
Stlth   ++           m - ring of the Greedy {^Drain rF+ rC+ rN+ Str+3}
HPRegen 1.31/turn    c - ring of Nasel {Wiz Dex+3 SInv Stlth+}
MPRegen 0.32/turn

%: guardian spirit, rampage, faith, wizardry (x1), archmagi
@: death-form, studying 3 skills
A: vile attack, torment immunity, no potions, fangs 3, regeneration 1, magic
shield, antimagic bite, no potion heal 2, cold resistance 1, robust 1, sturdy
frame 1
0: Orb of Zot
}: 15/15 runes: serpentine, barnacled, slimy, silver, golden, iron, obsidian,
icy, bone, abyssal, demonic, glowing, magical, fiery, dark
a: Siphon Essence, Begin Untransformation, Renounce Religion, Evoke
Invisibility, Stomp


You escaped.
You worshipped Uskayaw.
Uskayaw was exalted by your worship.
You were an undying horror.
You visited 18 branches of the dungeon, and saw 85 of its levels.
You visited Pandemonium 1 time, and saw 12 of its levels.
You visited the Abyss 1 time.
You also visited: Gauntlet.

You collected 17686 gold pieces.
You spent 8006 gold pieces at shops.

Inventory:

Missiles
 u - 8 throwing nets
 H - 33 curare-tipped darts
Armour
 d - a +0 pair of boots of stealth
 g - the scarf "Rycutz" (worn) {rC+ rF+, +Inv rElec rN+ Slay+2}
   (You acquired it on level 1 of the Lair of Beasts)

   Slay+2:    It affects your accuracy & damage with ranged weapons and melee
   (+2).
   rElec:     It insulates you from electricity.
   rN+:       It protects you from negative energy.
   +Inv:      It lets you turn invisible.
 k - a +2 pair of boots of rampaging (worn)
 t - the +0 pair of boots of the Shining One's Hope {rPois Dex+3}
   (You found it on level 1 of the Tomb of the Ancients)

   Dex+3:     It affects your dexterity (+3).
   rPois:     It protects you from poison.
 E - the +1 helmet of the Snake Pit (worn) {rElec rF+ Will+ Str-2}
   (You found it on level 5 of the Vaults)

   Str-2:     It affects your strength (-2).
   rF+:       It protects you from fire.
   rElec:     It insulates you from electricity.
   Will+:     It increases your willpower.
 K - the +3 robe of Shadows and Fog (worn) {rElec Str+3 Int+4 Archmagi}
   (You bought it in a shop on level 1 of the Vaults)

   Str+3:     It affects your strength (+3).
   Int+4:     It affects your intelligence (+4).
   rElec:     It insulates you from electricity.
   Archmagi:  It increases the power of your magical spells.
 V - a +2 pair of gloves of strength (worn)
Jewellery
 c - the ring of Nasel (right hand) {Wiz Dex+3 SInv Stlth+}
   (You found it on level 5 of the Pits of Slime)

   [ring of wizardry]

   Wiz:       It improves your spell success rate.
   Dex+3:     It affects your dexterity (+3).
   SInv:      It lets you see invisible.
   Stlth+:    It makes you more stealthy.
 e - the ring of Fun {Fly rN++ rCorr EV+5 Stlth-}
   (You bought it in a shop on level 2 of the Snake Pit)

   [ring of evasion]

   EV+5:      It affects your evasion (+5).
   rN++:      It greatly protects you from negative energy.
   Fly:       It grants you flight.
   rCorr:     It protects you from acid and corrosion.
   Stlth-:    It makes you less stealthy.
 i - the amulet of Gafed (around neck) {Faith Dex+4}
   (You took it off a deep elf annihilator on level 3 of the Elven Halls)

   [amulet of faith]

   Faith:     It allows you to gain divine favour quickly.
   Dex+4:     It affects your dexterity (+4).
 m - the ring of the Greedy (left hand) {^Drain rF+ rC+ rN+ Str+3}
   (You bought it in a shop on level 2 of the Snake Pit)

   [ring of protection from fire]

   Str+3:     It affects your strength (+3).
   rF+:       It protects you from fire.
   rC+:       It protects you from cold.
   rN+:       It protects you from negative energy.
   ^Drain:    It drains your maximum health when unequipped.
 n - the ring "Hoanneoff" {rElec rPois Int+2 Dex+6 Stlth+}
   (You bought it in a shop on level 4 of the Depths)

   [ring of dexterity]

   Int+2:     It affects your intelligence (+2).
   Dex+6:     It affects your dexterity (+6).
   rElec:     It insulates you from electricity.
   rPois:     It protects you from poison.
   Stlth+:    It makes you more stealthy.
 D - the ring "Miryrph" {Str+3 Dex+6 Slay+6}
   (You found it in Pandemonium)

   [ring of dexterity]

   Str+3:     It affects your strength (+3).
   Dex+6:     It affects your dexterity (+6).
   Slay+6:    It affects your accuracy & damage with ranged weapons and melee
   (+6).
 S - the ring of Wanosk {Wiz ^Contam Int+6 SInv}
   (You took it off a yaktaur on level 5 of the Vaults)

   [ring of wizardry]

   Wiz:       It improves your spell success rate.
   Int+6:     It affects your intelligence (+6).
   SInv:      It lets you see invisible.
   ^Contam:   It causes magical contamination when unequipped.
 T - the ring of Sibbear {rPois rC+ Will+ Int+2}
   (You took it off an orc sorcerer on level 11 of the Dungeon)

   [ring of willpower]

   Int+2:     It affects your intelligence (+2).
   rC+:       It protects you from cold.
   rPois:     It protects you from poison.
   Will+:     It increases your willpower.
 X - the amulet of Kostot {rPois rN+ Will+ Regen+}
   (You bought it in a shop on level 2 of the Orcish Mines)

   [amulet of regeneration]

   rPois:     It protects you from poison.
   rN+:       It protects you from negative energy.
   Will+:     It increases your willpower.
   Regen+:    It increases your rate of health regeneration.
Talismans
 y - a talisman of death (active)
 O - a granite talisman
Wands
 I - a wand of digging (65)
 P - a wand of light (65)
Scrolls
 h - 10 scrolls of vulnerability
 j - 4 scrolls of poison
 l - 23 scrolls of teleportation
 p - 12 scrolls of fear
 r - 5 scrolls of torment
 v - 10 scrolls of fog
 z - 10 scrolls of blinking
 A - 3 scrolls of butterflies
 C - 6 scrolls of immolation
 R - 4 scrolls of silence
Potions
 a - 6 potions of invisibility
 b - 5 potions of ambrosia
 f - 5 potions of mutation
 q - 3 potions of resistance
 s - 33 potions of curing
 w - 11 potions of brilliance
 x - 5 potions of magic
 G - 9 potions of cancellation
 J - 7 potions of berserk rage
 L - 13 potions of might
 Q - 7 potions of lignification
 W - 10 potions of enlightenment
 Y - 8 potions of attraction
 Z - 6 potions of haste
Miscellaneous
 o - a phial of floods
 F - a phantom mirror
 M - a box of beasts (inert)
 N - a condenser vane
 U - the horn of Geryon


   Skills:
 O Level 27 Fighting
 O Level 27 Dodging
 - Level 3.0 Stealth
 O Level 27 Unarmed Combat
 + Level 23.8 Spellcasting
 - Level 8.0 Translocations
 - Level 8.0 Air Magic
 O Level 27 Invocations
 + Level 22.0 Evocations
 - Level 23.0 Shapeshifting


You had 59 spell levels left.
You knew the following spells:

 Your Spells              Type           Power      Damage    Failure   Level
a - Manifold Assault      Tloc           55%        N/A       1%          4
b - Vhi's Electric Charg  Tloc/Air       100%       N/A       1%          4
c - Dispel Undead         Necr           24%        3d12      11%         4
d - Lesser Beckoning      Tloc           100%       N/A       1%          2

Your spell library contained the following spells:

 Spells                   Type           Power      Damage    Failure   Level
 Apportation              Tloc           100%       N/A       1%          1
 Foxfire                  Conj/Fire      96%        2x1d8     1%          1
 Kiss of Death            Conj/Necr      96%        2d12      1%          1
 Magic Dart               Conj           96%        1d7       1%          1
 Shock                    Conj/Air       100%       1d9       1%          1
 Slow                     Hex            96%        N/A       1%          1
 Sting                    Conj/Alch      96%        1d9       1%          1
 Summon Small Mammal      Summ           96%        N/A       1%          1
 Call Imp                 Summ           48%        N/A       1%          2
 Cigotuvi's Dreadful Rot  Necr/Alch/Air  72%        N/A       1%          2
 Ensorcelled Hibernation  Hex/Ice        48%        N/A       1%          2
 Jinxbite                 Hex            48%        N/A       1%          2
 Mercury Vapours          Alch/Air       82%        N/A       1%          2
 Momentum Strike          Conj/Tloc      82%        3d10      1%          2
 Scorch                   Fire           48%        2d7       1%          2
 Searing Ray              Conj           48%        2d6       1%          2
 Static Discharge         Conj/Air       82%        3-7/arc   1%          2
 Sublimation of Blood     Necr           24%        N/A       1%          2
 Gell's Gravitas          Tloc           55%        N/A       1%          3
 Mephitic Cloud           Conj/Alch/Air  36%        N/A       1%          3
 Swiftness                Air            55%        N/A       1%          3
 Teleport Other           Tloc           55%        N/A       1%          3
 Volatile Blastmotes      Fire/Tloc      82%        2d16      1%          3
 Airstrike                Air            27%        2d(4-20)  1%          4
 Dimensional Bullseye     Hex/Tloc       20%        N/A       1%          4
 Iskenderun's Mystic Bla  Conj/Tloc      41%        2d9       1%          4
 Passage of Golubria      Tloc           55%        N/A       1%          4
 Summon Lightning Spire   Summ/Air       41%        N/A       1%          4
 Call Canine Familiar     Summ           24%        N/A       3%          3
 Confusing Touch          Hex            24%        N/A       3%          3
 Dazzling Flash           Conj/Hex       48%        N/A       3%          3
 Frozen Ramparts          Ice            48%        1d8       3%          3
 Fugue of the Fallen      Necr           24%        N/A       3%          3
 Inner Flame              Hex/Fire       24%        N/A       3%          3
 Ozocubu's Armour         Ice            24%        N/A       3%          3
 Passwall                 Erth           24%        N/A       3%          3
 Sigil of Binding         Hex            24%        N/A       3%          3
 Tukima's Dance           Hex            24%        N/A       3%          3
 Vampiric Draining        Necr           24%        2d7       3%          3
 Arcjolt                  Conj/Air       20%        1d30      6%          5
 Silence                  Hex/Air        20%        N/A       6%          5
 Dispersal                Tloc           27%        N/A       6%          6
 Freezing Cloud           Conj/Ice/Air   18%        6-21      10%         5
 Anguish                  Hex/Necr       12%        N/A       11%         4
 Animate Armour           Summ/Erth      48%        N/A       11%         4
 Animate Dead             Necr           24%        N/A       11%         4
 Brom's Barrelling Bould  Conj/Erth      24%        2d5       11%         4
 Cause Fear               Hex            12%        N/A       11%         4
 Flame Wave               Conj/Fire      24%        2d8       11%         4
 Fulminant Prism          Conj/Alch      12%        3d8       11%         4
 Ignite Poison            Fire/Alch      24%        N/A       11%         4
 Leda's Liquefaction      Alch/Erth      12%        N/A       11%         4
 Olgreb's Toxic Radiance  Alch           24%        N/A       11%         4
 Petrify                  Alch/Erth      24%        N/A       11%         4
 Sticky Flame             Fire/Alch      24%        2d6       11%         4
 Alistair's Intoxication  Alch           16%        N/A       26%         5
 Borgnjor's Vile Clutch   Necr/Erth      12%        N/A       26%         5
 Curse of Agony           Necr           24%        N/A       26%         5
 Fireball                 Conj/Fire      12%        3d7       26%         5
 Irradiate                Conj/Alch      12%        3d15      26%         5
 Iskenderun's Battlesphe  Conj           24%        2d8       26%         5
 Lee's Rapid Deconstruct  Erth           12%        3d8*      26%         5
 Metabolic Englaciation   Hex/Ice        12%        N/A       26%         5
 Yara's Violent Unravell  Hex/Alch       12%        3d7       26%         5
 Conjure Ball Lightning   Conj/Air       20%        3x3d6     28%         6
 Plasma Beam              Fire/Air       20%        2x1d32    28%         6
 Bombard                  Conj/Erth      12%        9d3       80%         6
 Starburst                Conj/Fire      12%        6d5       80%         6
 Summon Cactus Giant      Summ           12%        N/A       80%         6
 Malign Gateway           Summ/Tloc      20%        N/A       82%         7
 Disjunction              Tloc           27%        N/A       91%         8
 Maxwell's Capacitive Co  Air            27%        ∞         91%         8
 Enfeeble                 Hex            12%        N/A       100%        7
 Haunt                    Necr/Summ      12%        N/A       100%        7
 Monstrous Menagerie      Summ           12%        N/A       100%        7
 Orb of Destruction       Conj           12%        9d7       100%        7
 Ozocubu's Refrigeration  Ice            12%        4d10      100%        7
 Spellforged Servitor     Conj/Summ      12%        N/A       100%        7
 Summon Hydra             Summ           12%        N/A       100%        7
 Discord                  Hex            12%        N/A       100%        8
 Infestation              Necr           12%        N/A       100%        8
 Lehudib's Crystal Spear  Conj/Erth      12%        10d4      100%        8
 Summon Horrible Things   Summ           12%        N/A       100%        8
 Dragon's Call            Summ           12%        N/A       100%        9


Dungeon Overview and Level Annotations

Branches:
Dungeon (15/15)            Temple (1/1) D:6            Lair (5/5) D:11
 Shoals (4/4) Lair:3        Snake (4/4) Lair:3        Slime (5/5) Lair:4
    Orc (2/2) D:10            Elf (3/3) Orc:2        Vaults (5/5) D:14
  Crypt (3/3) Vaults:2       Tomb (3/3) Crypt:3      Depths (4/4) D:15
   Hell (visited)             Dis (7/7) Hell            Geh (7/7) Hell
    Coc (7/7) Hell            Tar (7/7) Hell            Zot (5/5) Depths:4
Gauntlet (visited)

Altars:
Ashenzari
Cheibriados
Dithmenos
Elyvilon
Fedhas
Gozag
Hepliaklqana
Kikubaaqudgha
Makhleb
Nemelex Xobeh
Okawaru
Qazlal
Ru
Sif Muna
Trog
Uskayaw
Vehumet
Wu Jian
Xom
Yredelemnul
Zin
The Shining One
Beogh
Jiyva

Shops:
D:1 =   D:9 :   Orc:1 (   Orc:2 [*=(   Elf:2 (   Shoals:1 (   Snake:1 [!
Snake:2 =::   Vaults:1 *   Vaults:2 =   Vaults:4 :   Vaults:5 *[   Depths:1 ([
Depths:4 !=

Portals:
Hell: Depths:1 Depths:2 Depths:3 Depths:4
Abyss: Depths:2 Depths:3
Pandemonium: Depths:2
Ziggurat: Depths:2

Annotations:
D:9 1 runed translucent door
D:15 4 transporters
Shoals:3 exclusion: orange crystal statue, Mlioglotl
Orc:1 2 transporters, FilltheMatrix's ghost, journeyman DgFi
Vaults:2 2 transporters, Tagg's ghost, veteran DjIE
Depths:4 2 transporters


Innate Abilities, Weirdness & Mutations

You are an undying horror.
Your melee and unarmed attacks drain, slow and weaken victims.
You are immune to unholy pain and torment.
You cannot drink.
You are immune to poison.
You have razor-sharp teeth.
Your natural rate of healing is unusually fast.
When hurt, damage is shared between your health and your magic reserves.
Your bite disrupts and absorbs the magic of your enemies.
Potions cannot restore your health.
Your flesh is cold resistant. (rC+)
You are robust. (+10% HP)
Your movements are slightly less encumbered by armour. (ER -2)


Message History

There is a strange disturbance nearby!
Okay, then.
You open the lid... ...and an elder shockfire beast leaps out!
The box is emptied!
You see here a frilled lizard skeleton.
What are your orders? t - Shout!
Orders for allies: a - Attack new target. r - Retreat! s - Stop attacking. g - Guard the area. f - Follow me.
Anything else - Cancel.
Guard this area!
You can no longer pass through a line of other dancers.
You can't go up here!
HP restored.
There is a strange disturbance nearby!
There is a strange disturbance nearby!
Okay, then.
You're wearing all the rings you can.
Remove which one? (? for menu, Esc to cancel) < or
m - the ring of the Greedy {^Drain rF+ rC+ rN+ Str+3} > or
e - the ring of Fun {Fly rN++ rCorr EV+5 Stlth-} You remove the ring of Fun {Fly rN++ rCorr EV+5 Stlth-}.
You float gracefully downwards.
You feel agile.
c - the ring of Nasel (right hand) {Wiz Dex+3 SInv Stlth+} A lorocyproca comes into view.
You punch the lorocyproca!
The lorocyproca decays.
You bite the lorocyproca! You drain its power.
The lorocyproca is moderately wounded.
The lorocyproca hits you!
You feel your power leaking away.
You squash the lorocyproca like an ant!!!
You kill the lorocyproca!
You can now pass through a line of other dancers.
There is an open door here.
The sun demon shouts!
There is a staircase leading out of the dungeon here.
You have escaped!

....#...# #.>....# ### #....#
################.# #....#
.........#######.###### #....#
########.##~~~~#'#÷~~~###....# #
####.#~~~~~#.#~~~~~##....# #
#....#~~#~~#.#~~#~~##....# #
#.####~~~~~#.#3~~~§##....#### #
#.# #~~~~~#.#~~~~~##........
#####.# #~~~~~#z#○~~~~##........
....#.####~~~~~#.#○~~~~#####.....
###.#...##~~#~~#.#~~#○~# #.....
..#.###.##~~§~~#.#÷~~~~# #.†...
#...#.#.##~~~~~#.#~~~~~# #.....
......#.###~~~~#'#~~~~## #.....
####..#.########.###########.....
####..#.#........................
....).#.#.####.##.###########....


There were no monsters in sight!

Vanquished Creatures
  Cerebov (Pan)
  Antaeus (Coc:7)
  Asmodeus (Geh:7)
  Dissolution (Slime:2)
  the Royal Jelly (Slime:5)
  Gloorx Vloq (Pan)
  Ereshkigal (Tar:7)
  Lom Lobon (Pan)
  Mnoleg (Pan)
  the Serpent of Hell (Coc:7)
  A seraph (Pan)
  8 dread liches
  Dispater (Dis:7)
  4 orbs of fire (Zot:5)
  8 ancient liches
  4 juggernauts
  Sojobo (Vaults:4)
  Josephina (Crypt:3)
  20 pandemonium lords
  34 royal mummies
  3 Killer Klowns
  23 shard shrikes
  Margery (Depths:4)
  15 caustic shrikes
  Geryon (Hell)
  A curse toe (Zot:2)
  7 golden dragons
  24 profane servitors
  21 bone dragons
  Norris (Vaults:4)
  2 pearl dragons
  4 electric golems
  16 Tzitzimimeh
  8 doom hounds
  15 Brimstone Fiends
  Rupert (Lair:3)
  A spectral shard shrike (Tar:5)
  13 iron giants
  37 Ice Fiends
  23 tentacled monstrosities
  Asterion (Vaults:3)
  6 hellephants
  4 deep elf blademasters (Elf:3)
  20 Hell Sentinels
  35 Orb Guardians
  Jorgrun (D:14)
  22 tainted leviathans
  13 titans
  17 liches
  17 sphinxes
  10 quicksilver dragons
  18 acid blobs
  A walking divine tome (Depths:4)
  18 searing wretches
  8 tentacled starspawn
  5 deep elf master archers
  33 Executioners
  37 ancient champions
  14 shadow dragons
  7 death cobs
  Kirke (D:13)
  14 storm dragons
  11 revenants
  11 demonspawn warmongers
  6 protean progenitors
  7 draconian knights
  6 tengu reavers
  12 azure jellies
  17 rockslimes
  4 draconian monks
  2 fenstrider witches (Pan)
  22 narguns
  5 deep elf sorcerers
  8 nagarajas
  9 quicksilver elementals
  21 fire giants
  9 draconian scorchers
  14 vault wardens
  17 frost giants
  9 draconian shifters
  4 ghost moths
  3 shard shrike simulacra
  6 iron dragons
  3 curse skulls
  9 daevas (Pan)
  5 deep elf elementalists
  28 angels
  24 cacodemons
  2 ghouls (Crypt:1)
  8 draconian annihilators
  2 spectral juggernauts
  49 balrugs
  14 stone giants
  4 draconian stormcallers
  5 orc warlords
  A spectral caustic shrike (Tar:6)
  23 reapers
  6 formless jellyfish
  17 quicksilver oozes
  10 demonspawn corrupters
  A spriggan defender (Depths:2)
  7 vampire knights
  10 demonspawn blood saints
  9 ironbound thunderhulks
  10 ironbound preservers
  22 elemental wellsprings
  6 juggernaut skeletons (Pan)
  25 putrid mouths
  9 ophanim
  5 caustic shrike skeletons
  26 war gargoyles
  28 apis (Pan)
  19 very ugly things
  14 demonspawn black suns
  14 green draconians
  16 deep elf death magi
  4 dire elephants
  8 deep elf annihilators
  5 deep elf demonologists
  22 wendigos
  13 white draconians
  8 yellow draconians
  17 bennus
  5 black draconians
  2 minotaurs
  A spark wasp (Depths:4)
  15 iron golems
  9 lorocyprocas
  Snorg (D:10)
  8 purple draconians
  Azrael (D:12)
  A spectral titan (Tar:2)
  9 red draconians
  A spectral quicksilver dragon (Tar:1)
  2 crystal guardians
  20 blizzard demons
  10 yaktaur captains
  A spectral golden dragon (Tar:2)
  13 ettins
  7 eidola
  An entropy weaver (Vaults:2)
  8 deep elf high priests
  The ghost of korenl137 the Skirmisher, a journeyman SpHs of Fedhas (Lair:5)
  9 green deaths
  25 mummy priests
  A spectral iron giant (Tar:3)
  A merfolk impaler (Shoals:3)
  2 spectral krakens (Tar:7)
  11 fire dragons
  7 hydras
  10 jiangshi
  7 ice dragons
  A quicksilver dragon zombie (Tomb:1)
  4 peacekeepers
  7 rakshasas
  Harold (Orc:1)
  2 spectral spriggans (Tar:3)
  Erolcha (D:9)
  35 vault guards
  17 great orbs of eyes
  13 caustic shrike simulacra
  12 salamander tyrants
  A jorogumo (shapeshifter) (Depths:4)
  13 ironbound frosthearts
  A merfolk aquamancer (Shoals:1)
  4 spriggan air magi
  An ogre mage (D:15)
  3 death knights
  9 juggernaut simulacra
  The ghost of Wizard1ke the Destroyer, a journeyman CoCj of Vehumet (Lair:1)
  14 satyrs (Shoals:4)
  6 anacondas
  A jorogumo (Pan)
  4 merfolk avatars
  3 catoblepae
  4 hell beasts
  10 boulder beetles
  46 dancing weapons
  23 centaur warriors
  6 stokers
  A spriggan skeleton (Tomb:1)
  8 two-headed ogres
  A sphinx skeleton (Crypt:3)
  2 tengu warriors
  7 vampire magi
  19 death scarabs
  7 deep troll earth magi
  8 thrashing horrors
  21 naga warriors
  5 death yaks (Lair:2)
  2 occultists (D:15)
  10 deep troll shamans
  35 hell hogs
  11 demonic crawlers
  8 naga sharpshooters
  3 titan zombies
  3 spriggan berserkers (Depths:2)
  11 shock serpents
  6 orc high priests (Orc:2)
  Sonja (Lair:5)
  2 spectral dire elephants
  18 deep elf knights
  17 hell knights
  10 wretched stars
  A fire crab (Lair:5)
  4 skysharks
  33 soul eaters
  84 sun demons
  6 holy swine (Pan)
  A storm dragon zombie (Crypt:3)
  2 hellephant skeletons (Pan)
  Nergalle (Orc:1)
  5 salamander mystics
  9 crystal echidnas
  14 skeletal warriors
  A storm dragon skeleton (Depths:2)
  4 quicksilver dragon simulacra
  A spark wasp zombie (Crypt:1)
  33 sixfirhies
  16 cherubim
  17 shadow wraiths
  45 deep trolls
  9 iron trolls
  A bunyip zombie (Tomb:3)
  16 mana vipers
  Lodul (D:10)
  A tengu zombie (Vaults:2)
  8 flayed ghosts
  17 shadow demons
  9 sea snakes
  8 naga ritualists
  A spectral hydra (Tar:4)
  A swamp dragon (Lair:5)
  A spectral iron dragon (Tar:5)
  14 deep elf archers
  An iron giant skeleton (Crypt:1)
  57 large abominations
  9 arcanists
  22 phantasmal warriors
  5 glowing orange brains
  2 bog bodies (Crypt:1)
  20 ironbound convokers
  15 lindwurms
  Pikel (D:9)
  8 spriggan simulacra
  2 golden dragon skeletons
  An obsidian statue (Gauntlet)
  4 thermic dynamos (Elf:1)
  A fenstrider witch simulacrum (Coc:2)
  10 sun moths (Pan)
  An orange crystal statue (Snake:3)
  13 necromancers
  A goliath frog zombie (Crypt:2)
  35 starcursed masses
  17 orc knights
  An anaconda skeleton (Crypt:1)
  34 deep elf zephyrmancers
  17 harpies
  41 deep elf pyromancers
  8 orc sorcerers
  8 shining eyes
  11 manticores
  30 ugly things
  2 spectral ettins
  10 salamanders
  10 fauns (Shoals:4)
  3 worldbinders
  5 cyclopes
  Joseph (D:10)
  2 dire elephant zombies
  A spectral centaur (Crypt:3)
  8 elephants
  2 draconian skeletons
  3 kobold blastminers
  4 merfolk sirens
  A stone giant skeleton (Tomb:3)
  3 meliai (D:15)
  3 eyes of devastation
  2 apocalypse crabs
  5 ice statues
  5 torpor snails (Lair:5)
  11 rust devils
  8 centaur zombies
  6 guardian serpents
  27 moths of wrath
  21 naga magi
  2 water nymphs
  30 black mambas
  41 smoke demons
  22 vault sentinels
  27 orange demons
  A yaktaur zombie (Vaults:2)
  10 molten gargoyles
  3 titan simulacra
  4 rime drakes
  11 spectral swamp worms (Tar:7)
  A green draconian zombie (Crypt:2)
  Jeremiah (D:9)
  3 unseen horrors
  16 komodo dragons
  A dire elephant skeleton (Abyss:2)
  A naga skeleton (Crypt:1)
  A white draconian skeleton (Crypt:2)
  33 hellions
  8 tengu conjurers
  14 cane toads
  5 efreet (Pan)
  6 anaconda simulacra
  2 bunyip simulacra (Coc:2)
  20 freezing wraiths
  A spectral naga (Tar:5)
  2 iron giant simulacra
  13 kobold demonologists
  40 yaktaurs
  8 red devils
  10 ice devils
  17 tormentors
  2 harpy zombies
  2 spectral harpies
  A golden dragon simulacrum (Coc:6)
  An unseen horror skeleton (Crypt:3)
  8 ancient zymes
  40 guardian mummies
  A yaktaur skeleton (Vaults:1)
  A hydra zombie (Crypt:2)
  A silent spectre (Tar:5)
  11 hornets
  10 merfolk
  7 trolls
  3 tyrant leeches (Lair:5)
  2 polar bears
  6 wind drakes (Shoals:1)
  33 hellwings
  22 raiju
  A tarantella (Vaults:2)
  10 blink frogs (Lair:5)
  A boulder beetle zombie (Crypt:1)
  2 iron dragon simulacra
  3 harpy skeletons
  142 slime creatures
  7 centaur simulacra
  4 snapping turtles
  5 dream sheep (Lair:3)
  15 shadows
  A stone giant simulacrum (Hell)
  29 ushabtiu
  An ettin skeleton (Hell)
  7 glass eyes
  9 water elementals
  A spriggan (shapeshifter) (Elf:1)
  4 air elementals
  8 dire elephant simulacra
  A yak (shapeshifter) (D:14)
  29 ynoxinuls
  38 yaks
  The ghost of Tyr the Chopper, an amateur MDCA of Ignis (D:5)
  4 wyverns
  3 hogs (D:13)
  5 naga simulacra
  An alligator snapping turtle simulacrum (Crypt:3)
  18 neqoxecs
  A wind drake zombie (Crypt:3)
  9 fire elementals
  4 fire bats (Abyss:1)
  14 wraiths
  8 basilisks
  17 golden eyes
  11 vampire mosquitoes
  9 redbacks
  A yaktaur simulacrum (Vaults:1)
  4 wargs
  28 chaos spawn
  4 steam dragons
  A two-headed ogre zombie (D:10)
  A swamp worm (shapeshifter) (Elf:1)
  4 acid dragons
  15 small abominations
  15 harpy simulacra
  A skyshark zombie (Crypt:1)
  2 glowing shapeshifter zombies
  52 nagas
  14 water moccasins
  9 hell hounds
  A glowing shapeshifter skeleton (Crypt:2)
  6 sky beasts
  2 swamp drakes (Lair:5)
  2 black bears
  A human skeleton (Depths:3)
  21 orc warriors
  An elephant zombie (Crypt:2)
  5 ice beasts
  8 ettin simulacra
  18 ogres
  13 wolves
  13 laughing skulls
  11 centaurs
  A manticore skeleton (Crypt:3)
  6 phantoms
  4 human zombies
  A rime drake zombie (Crypt:2)
  2 lemures (D:9)
  26 kobold brigands
  A rime drake skeleton (Crypt:2)
  8 brain worms
  10 weeping skulls
  16 bullfrogs
  A gnoll sergeant (D:7)
  8 wights
  4 scorpions
  A glowing shapeshifter simulacrum (Depths:2)
  A warg skeleton (Crypt:2)
  3 earth elementals
  18 killer bees
  A troll zombie (D:10)
  A shapeshifter skeleton (Crypt:1)
  7 howler monkeys
  3 electric eels
  A crimson imp (Abyss:2)
  3 quasits
  A bullfrog skeleton (Crypt:3)
  A sleepcap (D:6)
  7 jellies
  4 gnoll boudas
  6 orc priests
  9 hounds
  3 iron imps
  6 hell rats (Hell)
  Terence (D:2)
  7 iguanas
  10 orc wizards
  6 ogre zombies (D:10)
  59 mummies
  4 gnolls (D:3)
  5 adders
  3 shadow imps
  8 white imps
  5 ufetubi
  An iguana zombie (Crypt:3)
  A lava snake zombie (Crypt:2)
  An adder zombie (Crypt:1)
  A ribbon worm (D:3)
  A dart slug (D:5)
  73 orcs
  7 ball pythons
  A bat skeleton (Crypt:2)
  7 endoplasms
  3 giant cockroaches
  2 goblins
  5 hobgoblins
  2 jackals (D:4)
  8 bats
  4 frilled lizards
  A gnoll skeleton (D:10)
  4 gnoll zombies (D:10)
  27 kobolds
  A kobold zombie (Crypt:1)
  3 orc skeletons (D:10)
  17 orc zombies (D:10)
  6 rats
  5 aspiring fleshes
  7 fire vortices
  A lurking horror (Abyss:1)
  9 starspawn tentacles
  6 tentacles (Tar:7)
4509 creatures vanquished.

Vanquished Creatures (collateral kills)
  A seraph (D:4)
  A royal mummy (Tomb:2)
  A tengu reaver (Vaults:4)
  A bennu (Tomb:2)
  A cherub (D:4)
  A slime creature (Slime:5)
  2 mummies (Tomb:2)
  An orc (Orc:2)
9 creatures vanquished.

Vanquished Creatures (others)
  A caustic shrike (Dis:3)
  An iron giant (Dis:7)
  A lich (D:4)
  A death cob (Zot:5)
  A quicksilver elemental (Dis:3)
  A vault warden (Vaults:3)
  A shard shrike simulacrum (Coc:7)
  An elemental wellspring (Coc:5)
  A crystal guardian (Vaults:3)
  2 caustic shrike simulacra
  A satyr (Shoals:4)
  2 spriggan simulacra
  3 manticores (Shoals:4)
  A bunyip simulacrum (Coc:1)
  An anaconda simulacrum (Coc:1)
  A wind drake (Shoals:4)
  An iron dragon simulacrum (Coc:7)
  A blink frog (Lair:5)
  A water elemental (Depths:1)
  A basilisk (Lair:5)
  2 ynoxinuls (Pan)
  2 alligator snapping turtle simulacra
  A minotaur simulacrum (Coc:2)
  A small abomination (Abyss:1)
  7 harpy simulacra
  An ettin simulacrum (Coc:6)
  A jelly (D:7)
  An orc priest (Orc:2)
  A shadow imp (Pan)
  9 ball lightnings
  2 creeping infernos
  2 fire vortices (Pan)
  13 starspawn tentacles
  2 tentacles (Tar:7)
69 creatures vanquished.

Grand Total: 4587 creatures vanquished

Notes
Turn   | Place    | Note
-------+----------+-------------------------------------------
     0 | D:1      | rotlqkf the Vine Stalker Monk began the quest for the Orb.
     0 | D:1      | Reached XP level 1. HP: 11/11 MP: 2/2
   200 | D:1      | Reached XP level 2. HP: 16/16 MP: 3/3
   231 | D:1      | Found Ahedooris's Jewellery Shoppe.
   558 | D:1      | You fall into a shaft and drop 1 floor!
   584 | D:2      | Noticed Terence
   607 | D:2      | Killed Terence
   608 | D:2      | Reached XP level 3. HP: 17/19 MP: 1/4
   837 | D:2      | Found an ornate altar of the Wu Jian Council.
   967 | D:2      | Reached XP level 4. HP: 23/23 MP: 5/5
  1350 | D:2      | Reached skill level 5 in Unarmed Combat
  1730 | D:3      | Reached XP level 5. HP: 27/27 MP: 6/6
  1762 | D:3      | Noticed a phantom
  1777 | D:3      | Killed a phantom
  1838 | D:3      | Reached XP level 6. HP: 32/32 MP: 5/7
  2848 | D:5      | Entered Level 5 of the Dungeon
  2898 | D:5      | Found a runed translucent door.
  2898 | D:5      | Noticed Tyr's ghost (amateur MDCA)
  2925 | D:5      | Noticed an unseen horror
  2928 | D:5      | Noticed an ice beast
  2939 | D:5      | Killed an ice beast
  2940 | D:5      | Reached XP level 7. HP: 29/35 MP: 5/8
  3301 | D:5      | Gained mutation: You have razor-sharp teeth. [Vine Stalker
                  | growth]
  3301 | D:5      | Reached XP level 8. HP: 35/39 MP: 9/9
  3463 | D:5      | Found a snail-covered altar of Cheibriados.
  3518 | D:5      | Killed an unseen horror
  3519 | D:5      | Reached skill level 10 in Unarmed Combat
  3526 | D:5      | Killed Tyr's ghost
  3637 | D:6      | Found a glowing drain.
  3637 | D:6      | Noticed a hornet
  3642 | D:6      | Killed a hornet
  3643 | D:6      | Reached skill level 1 in Stealth
  3676 | D:6      | Found a broken altar of Ashenzari.
  3808 | D:6      | Reached XP level 9. HP: 44/44 MP: 10/10
  3960 | D:6      | Found a staircase to the Ecumenical Temple.
  4131 | Temple   | Entered the Ecumenical Temple
  4142 | Temple   | Became a worshipper of Elyvilon the Healer
  4142 | Temple   | Reached * piety under Elyvilon
  4142 | Temple   | Reached ** piety under Elyvilon
  4343 | D:6      | Reached skill level 5 in Fighting
  4447 | D:6      | Found a shimmering altar of Xom.
  4595 | D:7      | Found an ancient bone altar of Kikubaaqudgha.
  4654 | D:7      | Reached skill level 5 in Dodging
  4786 | D:7      | Reached skill level 1 in Invocations
  4800 | D:7      | Reached XP level 10. HP: 44/53 MP: 10/12
  4851 | D:7      | Noticed a deep elf pyromancer
  4940 | D:7      | Killed a deep elf pyromancer
  5053 | D:7      | Reached skill level 5 in Invocations
  5558 | D:8      | Found a glowing golden altar of the Shining One.
  5660 | D:8      | Noticed a centaur warrior
  5666 | D:8      | Killed a centaur warrior
  5667 | D:8      | Reached XP level 11. HP: 55/62 MP: 15/15
  5675 | D:8      | Found a roughly hewn altar of Beogh.
  6012 | D:8      | Reached *** piety under Elyvilon
  6620 | D:1      | Bought the ring "Doeri Sew" {rPois rC+} for 374 gold pieces
  6830 | D:9      | Noticed Jeremiah
  6842 | D:9      | Killed Jeremiah
  6843 | D:9      | Reached skill level 10 in Fighting
  6986 | D:9      | Noticed a centaur warrior
  6999 | D:9      | Noticed Pikel
  7009 | D:9      | Killed Pikel
  7010 | D:9      | Found a runed translucent door.
  7240 | D:9      | Noticed Erolcha
  7253 | D:9      | Killed Erolcha
  7308 | D:9      | Found Azxun's Book Boutique.
  7625 | D:10     | Entered Level 10 of the Dungeon
  7654 | D:10     | Noticed Joseph
  7681 | D:10     | Killed Joseph
  7694 | D:10     | Reached **** piety under Elyvilon
  7875 | D:10     | Noticed a two-headed ogre
  7892 | D:10     | Killed a two-headed ogre
  7903 | D:10     | Reached XP level 12. HP: 58/67 MP: 14/18
  7938 | D:10     | You fall into a shaft and drop 3 floors!
  8095 | D:13     | Noticed a centaur warrior
  8104 | D:13     | Killed a centaur warrior
  8153 | D:13     | Noticed a boulder beetle
  8185 | D:13     | Killed a boulder beetle
  8226 | D:12     | Found a gate leading to a gauntlet.
  8231 | Gauntlet | Entered a Gauntlet
  8231 | Gauntlet | Noticed a soul eater
  8231 | Gauntlet | Found a transporter.
  8243 | Gauntlet | Found a transporter.
  8244 | Gauntlet | Found a transporter.
  8252 | Gauntlet | Found a transporter.
  8255 | Gauntlet | Found a transporter.
  8256 | Gauntlet | Found a transporter.
  8263 | Gauntlet | Found a runed translucent gate.
  8264 | Gauntlet | Found a runed translucent gate.
  8265 | Gauntlet | Found a transporter.
  8268 | Gauntlet | Found a transporter.
  8269 | Gauntlet | Found a transporter.
  8277 | Gauntlet | Found a transporter.
  8277 | Gauntlet | Found a runed translucent gate.
  8280 | Gauntlet | Found a transporter.
  8281 | Gauntlet | Found a transporter.
  8285 | Gauntlet | Found a runed translucent door.
  8287 | Gauntlet | Found a runed translucent door.
  8289 | Gauntlet | Found a transporter.
  8349 | Gauntlet | Found a transporter.
  8384 | Gauntlet | Killed a soul eater
  8397 | Gauntlet | Got the Precepts of Ash
  8445 | Gauntlet | Paralysed by a hornet for 2 turns
  8485 | Gauntlet | Paralysed by an apocalypse crab for 1 turns
  8547 | Gauntlet | Noticed a minotaur
  8568 | Gauntlet | Killed a minotaur
  8869 | D:11     | Noticed a soul eater
  8896 | D:11     | Killed a soul eater
  8937 | D:11     | Reached ***** piety under Elyvilon
  8965 | D:10     | Noticed Lodul
  8965 | D:10     | Noticed a two-headed ogre
  8979 | D:10     | Killed a two-headed ogre
  8983 | D:10     | Killed Lodul
  9159 | D:10     | Found a staircase to the Orcish Mines.
  9227 | D:10     | Found an iron altar of Okawaru.
  9229 | D:10     | Found a shadowy altar of Dithmenos.
  9236 | D:10     | Noticed a two-headed ogre
  9246 | D:10     | Killed a two-headed ogre
  9247 | D:10     | Reached XP level 13. HP: 54/72 MP: 14/20
  9264 | D:10     | Got the Incunabulum of Electric Attacks
  9297 | D:10     | Noticed Snorg
  9314 | D:10     | Killed Snorg
 10002 | D:11     | Found a staircase to the Lair.
 10028 | D:11     | Identified the +1 ring mail of Suw Voji {Int+4}
 10265 | D:11     | Reached skill level 10 in Invocations
 10518 | D:11     | Found a shimmering blue altar of Sif Muna.
 10534 | D:11     | Noticed a deep elf annihilator
 10540 | D:11     | Noticed a deep elf death mage
 10697 | D:11     | Identified the staff of Sharkskin {rN+ Dex+2 Necro}
 10727 | D:11     | Got the Compilation of Mercurial Nonlocality
 10741 | D:11     | Got the Compendium of Compounds and Gases
 10787 | D:11     | Killed a deep elf annihilator
 10805 | D:11     | Identified the +1 leather armour "Woeduatzoh" {+Inv Stlth+}
 10805 | D:11     | Identified the ring of Sibbear {rPois rC+ Will+ Int+2}
 10839 | D:11     | Killed a deep elf death mage
 10845 | D:11     | Killed a ghostly deep elf death mage
 10925 | D:11     | Got the Tractate on Combat Magic and Flame
 10944 | D:11     | Got the Book of Elitism
 10946 | D:11     | Got the Quarto of Flaming Fascination
 11035 | Lair:1   | Entered Level 1 of the Lair of Beasts
 11035 | Lair:1   | Found a transporter.
 11036 | Lair:1   | Noticed Wizard1ke's ghost (journeyman CoCj)
 11114 | Lair:1   | Identified 3 scrolls of acquirement
 11154 | Lair:1   | Acquired the scarf "Rycutz" {rC+ rF+, +Inv rElec rN+
                  | Slay+2}
 11169 | Lair:1   | Acquired a +0 pair of boots of rampaging
 11176 | Lair:1   | Acquired a manual of Fighting
 11632 | Lair:1   | Reached XP level 14. HP: 73/77 MP: 20/23
 11634 | Lair:1   | Reached skill level 15 in Unarmed Combat
 11665 | Lair:1   | Found a transporter.
 11805 | Lair:1   | Killed Wizard1ke's ghost
 12778 | Lair:3   | Found an ornate altar of the Wu Jian Council.
 12869 | Lair:3   | Noticed Rupert
 12886 | Lair:3   | Killed Rupert
 12887 | Lair:3   | Found a hide-covered altar of Uskayaw.
 12891 | Lair:3   | Found an ornate altar of the Wu Jian Council.
 13275 | Lair:3   | Found a staircase to the Shoals.
 13725 | Lair:3   | Found a staircase to the Snake Pit.
 14004 | Lair:4   | Reached skill level 1 in Shapeshifting
 14059 | Lair:4   | Found a viscous altar of Jiyva.
 14124 | Lair:4   | Identified the +0 helmet "Zunud" {rC+}
 14426 | Lair:4   | Found a staircase to the Slime Pits.
 14713 | Lair:5   | Entered Level 5 of the Lair of Beasts
 14719 | Lair:5   | Reached XP level 15. HP: 77/86 MP: 25/25
 14762 | Lair:5   | Noticed Sonja
 14777 | Lair:5   | Killed Sonja
 15336 | Lair:5   | Noticed korenl137's ghost (journeyman SpHs)
 15338 | Lair:5   | Found a transporter.
 15343 | Lair:5   | Found a transporter.
 16197 | Lair:5   | Gained mutation: You have hidden genetic potential. [potion
                  | of mutation]
 16198 | Lair:5   | Lost mutation: You have hidden genetic potential. [potion
                  | of mutation]
 16198 | Lair:5   | Gained mutation: Your flesh is heat resistant. (rF+)
                  | [potion of mutation]
 16199 | Lair:5   | Lost mutation: Your flesh is heat resistant. (rF+) [potion
                  | of mutation]
 16199 | Lair:5   | Gained mutation: You possess an exceptional clarity of
                  | mind. [potion of mutation]
 16199 | Lair:5   | Gained mutation: You are partially covered in large bone
                  | plates. (SH +4) [potion of mutation]
 16273 | Lair:5   | Killed korenl137's ghost
 16470 | Orc:1    | Entered Level 1 of the Orcish Mines
 16470 | Orc:1    | Noticed Nergalle
 16470 | Orc:1    | Noticed Harold
 16476 | Orc:1    | Killed Harold
 16490 | Orc:1    | Killed Nergalle
 16535 | Orc:1    | Found a roughly hewn altar of Beogh.
 16625 | Orc:1    | Found a transporter.
 16726 | Orc:1    | Noticed FilltheMatrix's ghost (journeyman DgFi)
 16727 | Orc:1    | Found a bloodstained altar of Trog.
 16750 | Orc:1    | Found Enailyce's Antique Weapon Shop.
 16807 | Orc:1    | Found a transporter.
 16936 | Orc:2    | Entered Level 2 of the Orcish Mines
 17056 | Orc:2    | Found Roefeib's Antique Weapon Boutique.
 17057 | Orc:2    | Found a burning altar of Makhleb.
 17057 | Orc:2    | Found Riocselle's Antique Armour Emporium.
 17057 | Orc:2    | Found a staircase to the Elven Halls.
 17063 | Orc:2    | Reached skill level 5 in Shapeshifting
 17111 | Orc:2    | Bought an ichor-stained leather armour for 175 gold pieces
 17111 | Orc:2    | Identified the +0 leather armour "Keduzenure" {+Inv rC++
                  | Str-2} (You bought it in a shop on level 2 of the Orcish
                  | Mines)
 17139 | Orc:2    | Noticed an orc warlord
 17217 | Orc:2    | Found Ynuim's Jewellery Emporium.
 17420 | Orc:1    | Found a roughly hewn altar of Beogh.
 17521 | Orc:2    | Reached skill level 15 in Fighting
 17690 | Orc:2    | Killed an orc warlord
 17691 | Orc:2    | Reached XP level 16. HP: 85/95 MP: 22/27
 17743 | Orc:2    | Found Erehorer's General Store.
 17813 | Orc:2    | Bought a phantom mirror for 640 gold pieces
 17813 | Orc:2    | Bought a scroll of teleportation for 48 gold pieces
 17813 | Orc:2    | Bought a scroll of identify for 32 gold pieces
 17813 | Orc:2    | Bought a scroll of fog for 64 gold pieces
 17814 | Orc:2    | Bought the amulet of Kostot {rPois rN+ Will+ Regen+} for
                  | 816 gold pieces
 18334 | D:12     | Noticed Azrael
 18346 | D:12     | Killed Azrael
 19059 | D:13     | Noticed Kirke
 19073 | D:13     | Killed Kirke
 19385 | D:14     | Noticed Jorgrun
 19403 | D:14     | Killed Jorgrun
 19716 | D:14     | Found a gate to the Vaults.
 19771 | D:15     | Entered Level 15 of the Dungeon
 20048 | D:15     | Found a transporter.
 20069 | D:15     | Found a transporter.
 20092 | D:15     | Found a transporter.
 20396 | D:15     | Found a staircase to the Depths.
 20479 | D:15     | Found a transporter.
 20628 | Elf:1    | Entered Level 1 of the Elven Halls
 20640 | Elf:1    | Reached XP level 17. HP: 48/102 MP: 22/28
 21074 | D:1      | Bought a ring of see invisible for 165 gold pieces
 21519 | Elf:1    | Reached skill level 10 in Shapeshifting
 22607 | Elf:2    | Noticed a Hell Sentinel
 22608 | Elf:2    | Noticed an Ice Fiend
 22984 | Elf:2    | Found Viusoqac's Antique Weapon Emporium.
 23200 | Elf:2    | Found a runed translucent gate.
 23210 | Elf:2    | Found a runed translucent gate.
 23210 | Elf:2    | Found a runed translucent gate.
 23454 | Elf:2    | Reached XP level 18. HP: 104/109 MP: 29/29
 23931 | Elf:3    | Entered Level 3 of the Elven Halls
 24363 | Elf:3    | Noticed a deep elf master archer
 24386 | Elf:3    | Noticed a deep elf blademaster
 24426 | Elf:3    | Killed a deep elf blademaster
 24532 | Elf:3    | Reached skill level 10 in Dodging
 24569 | Elf:3    | Killed a deep elf master archer
 24592 | Elf:3    | Noticed a deep elf blademaster
 24618 | Elf:3    | Killed a deep elf blademaster
 24697 | Elf:3    | Noticed a deep elf blademaster
 24698 | Elf:3    | Noticed a deep elf master archer
 24994 | Elf:3    | Noticed a deep elf blademaster
 25003 | Elf:3    | Killed a deep elf blademaster
 25008 | Elf:3    | Killed a deep elf master archer
 25148 | Elf:3    | Killed a deep elf blademaster
 25243 | Elf:3    | Identified the +9 battleaxe of Awkwardness {holy, rElec
                  | rPois Stlth+}
 25243 | Elf:3    | Identified the ring of Runah {Ice rElec rN+ MP+9}
 25263 | Elf:3    | Identified the amulet of Gafed {Faith Dex+4}
 25297 | Elf:3    | Identified the +8 arbalest of Diupuyhi {heavy, Fly rC++
                  | Str-4 SInv}
 25299 | Elf:3    | Got the Papyrus of Becharming Arrival
 25303 | Elf:3    | Identified the +7 arbalest of Cowardice {freeze, Fly rC+
                  | rN+ MP-9}
 25319 | Elf:3    | Got the Incunable of Melanosis
 25343 | Elf:3    | Identified the +3 pair of gloves "Guvisudu" {Fly Will- MP+9
                  | Str-5}
 25360 | Elf:3    | Identified the +0 arbalest of Onaps {heavy, rCorr Str-2
                  | Dex+6}
 25769 | Snake:1  | Entered Level 1 of the Snake Pit
 25783 | Snake:1  | Reached XP level 19. HP: 96/114 MP: 23/30
 25987 | Snake:1  | Found Hiaq's Distillery.
 25987 | Snake:1  | Found Tuoboaps's Antique Armour Boutique.
 26006 | Snake:1  | Bought a transparent leather armour for 161 gold pieces
 26006 | Snake:1  | Identified the +0 leather armour "Susm" {rC+} (You bought
                  | it in a shop on level 1 of the Snake Pit)
 26191 | Snake:1  | Reached ****** piety under Elyvilon
 26564 | Snake:1  | Reached skill level 15 in Shapeshifting
 26796 | Snake:2  | Found Amoekl Ditud's Jewellery Shoppe.
 26796 | Snake:2  | Found Lobuac's Book Shop.
 26797 | Snake:2  | Found Neukh's Book Shop.
 26803 | Snake:2  | Bought a manual of Fighting for 1360 gold pieces
 28534 | Snake:4  | Entered Level 4 of the Snake Pit
 29395 | Snake:4  | Reached XP level 20. HP: 120/120 MP: 31/31
 29518 | Snake:4  | Got a serpentine rune of Zot
 29829 | Shoals:1 | Entered Level 1 of the Shoals
 29864 | Shoals:1 | Found Ithrewuzy's Weapon Shop.
 30941 | Vaults:1 | Entered Level 1 of the Vaults
 31194 | Vaults:1 | Found Xighu's General Store.
 32300 | Vaults:2 | Found a staircase to the Crypt.
 32300 | Vaults:2 | Found an ancient bone altar of Kikubaaqudgha.
 32300 | Vaults:2 | Found a basalt altar of Yredelemnul.
 32510 | Vaults:2 | Found Rusak's Jewellery Emporium.
 32750 | Vaults:2 | Found a transporter.
 32752 | Vaults:2 | Found a transporter.
 32752 | Vaults:2 | Noticed Tagg's ghost (veteran DjIE)
 32753 | Vaults:2 | Identified the +3 great mace of Ascent {freeze, rPois MP+9
                  | Str-4 SInv}
 32779 | Vaults:2 | Reached XP level 21. HP: 128/128 MP: 32/32
 33404 | Vaults:3 | Noticed Asterion
 33409 | Vaults:3 | Killed Asterion
 33744 | Vaults:3 | You fall into a shaft and drop 1 floor!
 34169 | Vaults:4 | Found Kiazaruot's Book Shop.
 34199 | Vaults:4 | Acquired a manual of Dodging
 34211 | Vaults:4 | Noticed Sojobo
 34216 | Vaults:4 | Paralysed by an air elemental for 1 turns
 34219 | Vaults:4 | Paralysed by an air elemental for 1 turns
 34223 | Vaults:4 | Killed Sojobo
 34577 | Vaults:4 | Noticed Norris
 34582 | Vaults:4 | Reached XP level 22. HP: 135/135 MP: 28/33
 34587 | Vaults:4 | Killed Norris
 34689 | Vaults:4 | Identified the +7 long sword "Ries" {flame, rPois rC+
                  | Int+2}
 35081 | Vaults:4 | Learned a level 4 spell: Manifold Assault
 35340 | Slime:1  | Entered Level 1 of the Pits of Slime
 35352 | Slime:1  | Gained mutation: You are weak. (Str -2) [a shining eye]
 35376 | Slime:1  | Lost mutation: You possess an exceptional clarity of mind.
                  | [potion of mutation]
 35376 | Slime:1  | Lost mutation: You are partially covered in large bone
                  | plates. (SH +4) [potion of mutation]
 35376 | Slime:1  | Lost mutation: You are weak. (Str -2) [potion of mutation]
 35376 | Slime:1  | Gained mutation: You are somewhat resistant to further
                  | mutation. [potion of mutation]
 35589 | Slime:2  | Noticed Dissolution
 35599 | Slime:2  | Killed Dissolution
 35812 | Slime:1  | Gained mutation: Your health recovers twice as slowly from
                  | being drained. [a shining eye]
 36311 | Slime:3  | Gained mutation: You are vulnerable to heat. (rF-) [a
                  | shining eye]
 36312 | Slime:3  | Gained mutation: Your magical capacity is low. (-10% MP) [a
                  | shining eye]
 36316 | Slime:3  | Lost mutation: You are vulnerable to heat. (rF-) [potion of
                  | mutation]
 36316 | Slime:3  | Lost mutation: Your magical capacity is low. (-10% MP)
                  | [potion of mutation]
 36316 | Slime:3  | Lost mutation: Your health recovers twice as slowly from
                  | being drained. [potion of mutation]
 36863 | Slime:4  | Found a viscous altar of Jiyva.
 37029 | Slime:4  | Reached skill level 15 in Dodging
 37122 | Slime:5  | Entered Level 5 of the Pits of Slime
 37245 | Lair:3   | Fell from the grace of Elyvilon
 37245 | Lair:3   | Became a worshipper of Uskayaw the Reveller
 37340 | Slime:5  | Reached * piety under Uskayaw
 37398 | Slime:5  | Reached ** piety under Uskayaw
 37401 | Slime:5  | Reached *** piety under Uskayaw
 37403 | Slime:5  | Reached **** piety under Uskayaw
 37474 | Slime:5  | Reached ***** piety under Uskayaw
 37655 | Slime:5  | Reached XP level 23. HP: 140/140 MP: 34/34
 37661 | Slime:5  | Noticed the Royal Jelly
 37669 | Slime:5  | Killed the Royal Jelly
 37905 | Slime:5  | Identified the +4 dagger of Extremism {holy, Int+8 Dex-3}
 37929 | Slime:5  | Identified the -2 kite shield of Marbles {rF+ Str+2 Slay+3}
 37941 | Slime:5  | Identified the +2 scimitar "Ocaluapo" {venom, MP+9 Int+3}
 37949 | Slime:5  | Got a slimy rune of Zot
 37953 | Slime:5  | Got Zishocza's Spellbook of Fulgurous Doom
 37954 | Slime:5  | Identified the +7 dagger of Causality {freeze, Dex+5}
 37975 | Slime:5  | Identified the +4 robe of an ice cave {Harm rElec}
 37988 | Slime:5  | Identified the ring of Nasel {Wiz Dex+3 SInv Stlth+}
 38017 | Slime:5  | Identified the +4 ring mail of Jupn {Rampage Int-4 Dex+3
                  | Slay+3}
 38454 | Vaults:5 | Entered Level 5 of the Vaults
 38459 | Vaults:5 | Noticed a golden dragon
 38463 | Vaults:5 | Noticed an ancient lich
 38470 | Vaults:5 | Killed a golden dragon
 38655 | Vaults:5 | Identified the +11 war axe of Success {antimagic, rN+}
 38676 | Vaults:5 | Found Onyixun's Antique Armour Shoppe.
 38690 | Vaults:5 | Identified the +8 bardiche "Pan Xuug" {drain, *Slow rPois
                  | rN+ Str+4}
 38793 | Vaults:5 | Identified the ring of Wanosk {Wiz ^Contam Int+6 SInv}
 38813 | Vaults:5 | Noticed an ancient lich
 38816 | Vaults:5 | Killed an ancient lich
 39024 | Vaults:5 | Reached ****** piety under Uskayaw
 39104 | Vaults:5 | Identified the ring of Aczossa {rF- Will+ Str+7 Dex-5}
 39192 | Vaults:5 | Found Juotzuca's Assorted Antiques.
 39210 | Vaults:5 | Bought a scroll of blinking for 247 gold pieces
 39220 | Vaults:5 | Identified the +0 chain mail "Cerho" {rElec Str-4 Int-5
                  | Slay+5}
 39541 | Vaults:5 | Killed an ancient lich
 39542 | Vaults:5 | Reached XP level 24. HP: 147/147 MP: 30/34
 39573 | Vaults:5 | Identified the +9 scale mail "Usecy" {-Tele +Inv Stlth+}
 39575 | Vaults:5 | Got a silver rune of Zot
 39856 | Vaults:5 | Identified the +1 helmet of the Snake Pit {rElec rF+ Will+
                  | Str-2}
 40113 | Depths:1 | Entered Level 1 of the Depths
 40128 | Depths:1 | Acquired a manual of Invocations
 40168 | Depths:1 | Found a gateway to Hell.
 40620 | Depths:1 | Found Kophu's Antique Armour Emporium.
 40693 | Depths:1 | Found Qyonecar's Antique Weapon Boutique.
 41010 | Depths:1 | Identified the +0 scale mail of the Wilderness {Str+2}
 41261 | Depths:2 | Found a one-way gate to the infinite horrors of the Abyss.
 41822 | Depths:2 | Identified the +11 quarterstaff of the Dark Horse {freeze,
                  | *Rage rN+++}
 41850 | Depths:2 | Identified the amulet "Bewust" {+Blink rElec rC+ RegenMP+}
 41864 | Depths:2 | Found a runed translucent door.
 41864 | Depths:2 | Noticed an ancient lich
 41879 | Depths:2 | Killed an ancient lich
 41940 | Depths:2 | Found a one-way gate leading to the halls of Pandemonium.
 42042 | Depths:2 | Found a runed translucent door.
 42110 | Depths:2 | Found a one-way gateway to a ziggurat.
 42471 | Depths:3 | Found a glowing golden altar of the Shining One.
 42494 | Depths:3 | Reached XP level 25. HP: 151/151 MP: 34/34
 43060 | Depths:4 | Entered Level 4 of the Depths
 43312 | Depths:4 | Identified the ring "Zysimuri" {rElec Will+ AC+4}
 43425 | Depths:4 | Found a gate to the Realm of Zot.
 43472 | Depths:4 | Identified the ring of Generosity {Wiz rElec rPois Str+2}
 43487 | Depths:4 | Noticed Margery
 43488 | Depths:4 | Killed Margery
 43543 | Depths:4 | Found Jomezazi's Distillery.
 43583 | Depths:4 | Identified the ring "Kefow" {rF+ rN+ EV+5 Str-2}
 43604 | Depths:4 | Found a transporter.
 43682 | Depths:4 | Found a transporter.
 43696 | Depths:4 | Found Icet's Jewellery Emporium.
 43706 | Depths:4 | Bought the ring "Hoanneoff" {rElec rPois Int+2 Dex+6
                  | Stlth+} for 1040 gold pieces
 44199 | Snake:2  | Bought the ring of the Greedy {^Drain rF+ rC+ rN+ Str+3}
                  | for 702 gold pieces
 44884 | Crypt:1  | Entered Level 1 of the Crypt
 45546 | Crypt:2  | Reached XP level 26. HP: 156/156 MP: 34/34
 46067 | Crypt:3  | Entered Level 3 of the Crypt
 46296 | Crypt:3  | Identified the ring "Kujieg" {Ice Stlth+}
 46296 | Crypt:3  | Noticed Josephina
 46307 | Crypt:3  | Killed Josephina
 46396 | Crypt:3  | Found a staircase to the Tomb.
 46536 | Crypt:3  | Found a shimmering altar of Xom.
 46581 | Crypt:3  | Identified the amulet of Cheibriados's Envy {Faith rPois
                  | rN+ Dex+3 Stlth-}
 46597 | Crypt:3  | Identified the scarf "Gecokec" {repulsion, Will++}
 46601 | Crypt:3  | Identified the staff of Ipse Dixit {rN+ Int+3 Dex+3 Necro}
 47358 | Hell     | Entered the Vestibule of Hell
 47360 | Hell     | Noticed Geryon
 47375 | Hell     | Killed Geryon
 47438 | Hell     | Found a gateway to the freezing wastes of Cocytus.
 47558 | Hell     | Found a gateway to the decaying netherworld of Tartarus.
 47783 | Hell     | Found a gateway to the ashen valley of Gehenna.
 47926 | Hell     | Found a gateway to the Iron City of Dis.
 48149 | Vaults:1 | Bought the +3 robe of Shadows and Fog {rElec Str+3 Int+4
                  | Archmagi} for 1226 gold pieces
 48375 | Depths:2 | Learned a level 4 spell: Vhi's Electric Charge
 48380 | Depths:2 | Learned a level 4 spell: Dispel Undead
 48383 | Depths:2 | Learned a level 2 spell: Lesser Beckoning
 48384 | Pan      | Entered Pandemonium
 48590 | Pan      | Noticed Ysse the pandemonium lord
 48596 | Pan      | Killed Ysse the pandemonium lord
 48611 | Pan      | Reached XP level 27. HP: 63/161 MP: 34/34
 49236 | Pan      | Reached skill level 15 in Invocations
 49265 | Pan      | Noticed Vuifac the pandemonium lord
 49436 | Pan      | Killed Vuifac the pandemonium lord
 49993 | Pan      | Found an exit through the horrors of the Abyss.
 50024 | Pan      | Noticed Kuosow the pandemonium lord
 50034 | Pan      | Killed Kuosow the pandemonium lord
 50348 | Pan      | Found a white marble altar of Elyvilon.
 51375 | Pan      | Found a glowing golden altar of the Shining One.
 51375 | Pan      | Identified the +7 double sword "Newt's Doom" {speed, Dex+3}
 51375 | Pan      | Noticed a seraph
 51381 | Pan      | Killed a seraph
 51407 | Pan      | Got a demonic rune of Zot
 51576 | Pan      | Lost mutation: You are somewhat resistant to further
                  | mutation. [potion of mutation]
 51576 | Pan      | Gained mutation: Your body sometimes deteriorates upon
                  | taking damage. [potion of mutation]
 51577 | Pan      | Lost mutation: Your body sometimes deteriorates upon taking
                  | damage. [potion of mutation]
 51577 | Pan      | Gained mutation: Your magical capacity is low. (-10% MP)
                  | [potion of mutation]
 51577 | Pan      | Gained mutation: Your mind is acute. (Int +4, Str/Dex -1)
                  | [potion of mutation]
 51578 | Pan      | Lost mutation: Your magical capacity is low. (-10% MP)
                  | [potion of mutation]
 51578 | Pan      | Lost mutation: Your mind is acute. (Int +4, Str/Dex -1)
                  | [potion of mutation]
 51578 | Pan      | Gained mutation: You are covered in fur. (AC +1) [potion of
                  | mutation]
 51578 | Pan      | Gained mutation: You possess an exceptional clarity of
                  | mind. [potion of mutation]
 51578 | Pan      | Gained mutation: You are frail. (-10% HP) [potion of
                  | mutation]
 51579 | Pan      | Lost mutation: You possess an exceptional clarity of mind.
                  | [potion of mutation]
 51579 | Pan      | Lost mutation: You are frail. (-10% HP) [potion of
                  | mutation]
 51579 | Pan      | Lost mutation: You are covered in fur. (AC +1) [potion of
                  | mutation]
 51579 | Pan      | Gained mutation: Your flesh is cold resistant. (rC+)
                  | [potion of mutation]
 51579 | Pan      | Gained mutation: Your movements are slightly less
                  | encumbered by armour. (ER -2) [potion of mutation]
 51579 | Pan      | Gained mutation: You are robust. (+10% HP) [potion of
                  | mutation]
 51603 | Pan      | Entered the realm of Cerebov.
 52052 | Pan      | Identified the staff of Summer {rF+ rC++ Fire}
 52088 | Pan      | Identified the +7 triple crossbow "Tyjupurr" {heavy, rN+
                  | Int+4}
 52141 | Pan      | Found the +6 sword of Cerebov {flame}
 52141 | Pan      | Noticed Cerebov
 52153 | Pan      | Killed Cerebov
 52278 | Pan      | Got the Compilation of Invitation and Detritus
 52279 | Pan      | Identified the +5 double sword of the Leaping Gods {flame,
                  | rN++ Dex+3}
 52309 | Pan      | Got a fiery rune of Zot
 52365 | Pan      | Identified the ring of the Philosopher {rPois rF+ Int-3
                  | SInv}
 52448 | Pan      | Identified the ring "Miryrph" {Str+3 Dex+6 Slay+6}
 52455 | Pan      | Identified the +1 scale mail "Qaqoseepp" {Str+4 Int-2}
 52784 | Pan      | Found an exit through the horrors of the Abyss.
 53125 | Pan      | Noticed Lirrein the pandemonium lord
 53136 | Pan      | Killed Lirrein the pandemonium lord
 53580 | Pan      | Entered the realm of Lom Lobon.
 54442 | Pan      | Noticed Lom Lobon
 54461 | Pan      | Killed Lom Lobon
 54515 | Pan      | Got a magical rune of Zot
 54674 | Pan      | Entered the realm of Gloorx Vloq.
 54941 | Pan      | Noticed Gloorx Vloq
 54945 | Pan      | Killed Gloorx Vloq
 55070 | Pan      | Got a dark rune of Zot
 55577 | Pan      | Noticed Ralav the pandemonium lord
 55586 | Pan      | Killed Ralav the pandemonium lord
 55982 | Pan      | Found an exit through the horrors of the Abyss.
 56310 | Pan      | Reached skill level 27 in Unarmed Combat
 56495 | Pan      | Identified the +8 shortbow "Melem" {flame, *Slow rC+ Int+8}
 56607 | Pan      | Noticed Vahyak the pandemonium lord
 56618 | Pan      | Killed Vahyak the pandemonium lord
 56774 | Pan      | Found an exit through the horrors of the Abyss.
 56925 | Pan      | Noticed Funuf the pandemonium lord
 56926 | Pan      | Found a runed translucent door.
 56935 | Pan      | Entered the realm of Mnoleg.
 57953 | Pan      | Found an exit through the horrors of the Abyss.
 58073 | Pan      | Noticed Mnoleg
 58081 | Pan      | Killed Mnoleg
 58178 | Pan      | Got the Omnibus of Refrigeration
 58187 | Pan      | Got a glowing rune of Zot
 58520 | Pan      | Took an exit into the Abyss.
 58520 | Abyss:1  | Escaped into the Abyss
 58581 | Abyss:1  | Found a sacrificial altar of Ru.
 58669 | Abyss:1  | Noticed a dread lich
 58674 | Abyss:1  | Killed a dread lich
 58938 | Abyss:1  | Found a corrupted altar of Lugonu.
 59311 | Abyss:2  | Paralysed by accursed screaming for 1 turns
 59589 | Abyss:3  | Found a roughly hewn altar of Beogh.
 59608 | Abyss:3  | Found a corrupted altar of Lugonu.
 59685 | Abyss:3  | Noticed an ancient lich
 59717 | Abyss:3  | Killed an ancient lich
 59771 | Abyss:3  | Found a corrupted altar of Lugonu.
 59856 | Abyss:3  | Paralysed by accursed screaming for 1 turns
 60184 | Abyss:3  | Found a glowing golden altar of the Shining One.
 60198 | Abyss:3  | Noticed a juggernaut
 60202 | Abyss:3  | Killed a juggernaut
 60215 | Abyss:3  | Got an abyssal rune of Zot
 60379 | Depths:2 | Escaped the Abyss
 60767 | Snake:2  | Bought the ring of Fun {Fly rN++ rCorr EV+5 Stlth-} for 956
                  | gold pieces
 61073 | Coc:1    | Entered Level 1 of Cocytus
 62468 | Coc:6    | Paralysed by a wendigo for 1 turns
 62997 | Coc:7    | Entered Level 7 of Cocytus
 63169 | Coc:7    | Noticed the Serpent of Hell
 63173 | Coc:7    | Killed the Serpent of Hell
 63507 | Coc:7    | Noticed a dread lich
 63511 | Coc:7    | Killed a dread lich
 63513 | Coc:7    | Noticed Antaeus
 63516 | Coc:7    | Found the +10 morningstar "Eos" {elec, Halo rElec}
 63516 | Coc:7    | Found the ring of the Octopus King
 63518 | Coc:7    | Killed Antaeus
 63535 | Coc:7    | Identified a ring of the Octopus King {rN+ HP+2 AC+2 EV+2
                  | SH+2}
 63549 | Coc:7    | Identified the +2 glaive "Imof" {flame, rF+ Dex+5}
 63553 | Coc:7    | Got an icy rune of Zot
 63747 | Coc:7    | Paralysed by a wendigo for 1 turns
 63847 | Coc:7    | Reached skill level 27 in Fighting
 64856 | Geh:1    | Entered Level 1 of Gehenna
 65186 | Geh:2    | You fall into a shaft and drop 2 floors!
 65481 | Geh:5    | Noticed a dread lich
 65485 | Geh:5    | Killed a dread lich
 65952 | Geh:7    | Entered Level 7 of Gehenna
 66631 | Geh:7    | Found the +13 sceptre of Asmodeus
 66631 | Geh:7    | Noticed Asmodeus
 66645 | Geh:7    | Killed Asmodeus
 66648 | Geh:7    | Identified the ring of Teyssubb {rElec rN+}
 66652 | Geh:7    | Got an obsidian rune of Zot
 66654 | Geh:7    | Identified the +0 ring mail of Vuvuh {rN+ Int+3 Dex+6
                  | Stlth-}
 66655 | Geh:7    | Identified the +1 great sword of the Witching Gods {freeze,
                  | rElec rC- Will+ rCorr}
 66887 | Tar:1    | Entered Level 1 of Tartarus
 66887 | Tar:1    | Noticed a dread lich
 66893 | Tar:1    | Killed a dread lich
 68186 | Tar:7    | Entered Level 7 of Tartarus
 68546 | Tar:7    | Reached skill level 27 in Invocations
 68839 | Tar:7    | Reached skill level 27 in Dodging
 68894 | Tar:7    | Reached skill level 1 in Spellcasting
 68894 | Tar:7    | Reached skill level 1 in Translocations
 68894 | Tar:7    | Reached skill level 1 in Air Magic
 68929 | Tar:7    | Reached skill level 1 in Evocations
 68942 | Tar:7    | Found the +13 scythe of Curses {drain, curses, ^Drain}
 68944 | Tar:7    | Identified the +1 sling of Evil {antimagic, rElec rN+ SInv}
 68945 | Tar:7    | Identified the ring of Fiju {Ice Int+5}
 69679 | Tar:7    | Noticed Ereshkigal
 69691 | Tar:7    | Killed Ereshkigal
 69766 | Tar:7    | Got a bone rune of Zot
 69767 | Tar:7    | Identified the +6 great mace of Xiqishri {drain, rPois rF+
                  | rN+++ Str-2}
 70001 | Dis:1    | Entered Level 1 of the Iron City of Dis
 70308 | Dis:2    | Reached skill level 5 in Spellcasting
 70437 | Dis:3    | Reached skill level 5 in Translocations
 70437 | Dis:3    | Reached skill level 5 in Air Magic
 70456 | Dis:3    | Reached skill level 5 in Evocations
 70473 | Dis:3    | You fall into a shaft and drop 3 floors!
 70739 | Dis:7    | Entered Level 7 of the Iron City of Dis
 71078 | Dis:7    | Noticed a juggernaut
 71082 | Dis:7    | Killed a juggernaut
 71097 | Dis:7    | Identified the +4 hand axe of Pain and Death {pain, +Blink
                  | rPois MP+9}
 71481 | Dis:7    | Reached skill level 10 in Spellcasting
 71691 | Dis:7    | Noticed a juggernaut
 71699 | Dis:7    | Reached skill level 10 in Evocations
 71700 | Dis:7    | Killed a juggernaut
 71719 | Dis:7    | Identified the +8 orcbow of Sapuis {drain, Int+5 Dex-2}
 71720 | Dis:7    | Identified the +8 mace of the Pyrrhic Victory {pain, rF++}
 71721 | Dis:7    | Identified the +12 bardiche of Grandeur {protect, rElec rN+
                  | Str-3}
 71980 | Dis:7    | Noticed a juggernaut
 71983 | Dis:7    | Noticed Dispater
 71986 | Dis:7    | Killed a juggernaut
 71994 | Dis:7    | Killed Dispater
 72099 | Dis:7    | Identified the staff "Qissosau" {^Fragile rC+ Str+5 Dex+4
                  | Ice}
 72103 | Dis:7    | Identified the +9 shortbow of Etyuruha {elec, *Slow +Blink
                  | rC+ Will+}
 72105 | Dis:7    | Identified the +4 leather armour of the Final Mouths {rF+}
 72111 | Dis:7    | Got an iron rune of Zot
 72516 | Tomb:1   | Entered Level 1 of the Tomb of the Ancients
 72664 | Tomb:1   | Noticed a royal mummy
 72665 | Tomb:1   | Killed a royal mummy
 72665 | Tomb:1   | Noticed a royal mummy
 72676 | Tomb:1   | Killed a royal mummy
 73242 | Tomb:2   | Noticed a royal mummy
 73242 | Tomb:2   | Noticed a royal mummy
 73258 | Tomb:2   | Killed a royal mummy
 73258 | Tomb:2   | Noticed a royal mummy
 73258 | Tomb:2   | Noticed a royal mummy
 73263 | Tomb:2   | Noticed a royal mummy
 73264 | Tomb:2   | Killed a royal mummy
 73372 | Tomb:2   | Killed a royal mummy
 73397 | Tomb:2   | Killed a royal mummy
 73419 | Tomb:2   | Killed a royal mummy
 73693 | Tomb:1   | Noticed a royal mummy
 73693 | Tomb:1   | Noticed a royal mummy
 73699 | Tomb:1   | Killed a royal mummy
 73706 | Tomb:1   | Killed a royal mummy
 73707 | Tomb:1   | Noticed a royal mummy
 73717 | Tomb:1   | Killed a royal mummy
 73723 | Tomb:1   | Noticed a royal mummy
 73728 | Tomb:1   | Killed a royal mummy
 73746 | Tomb:1   | Noticed a royal mummy
 73751 | Tomb:1   | Killed a royal mummy
 73805 | Tomb:1   | Noticed a royal mummy
 73806 | Tomb:1   | Noticed a royal mummy
 73813 | Tomb:1   | Killed a royal mummy
 73814 | Tomb:1   | Noticed a royal mummy
 73815 | Tomb:1   | Noticed a royal mummy
 73815 | Tomb:1   | Noticed a royal mummy
 73815 | Tomb:1   | Noticed a royal mummy
 73815 | Tomb:1   | Noticed a royal mummy
 73823 | Tomb:1   | Killed a royal mummy
 73825 | Tomb:1   | Killed a royal mummy
 74030 | Tomb:1   | Killed a royal mummy
 74039 | Tomb:1   | Noticed a royal mummy
 74041 | Tomb:1   | Noticed a royal mummy
 74041 | Tomb:1   | Noticed a royal mummy
 74045 | Tomb:1   | Killed a royal mummy
 74046 | Tomb:1   | Killed a royal mummy
 74047 | Tomb:1   | Killed a royal mummy
 74050 | Tomb:1   | Killed a royal mummy
 74081 | Tomb:1   | Identified the +0 pair of boots of the Shining One's Hope
                  | {rPois Dex+3}
 74082 | Tomb:1   | Noticed a royal mummy
 74084 | Tomb:1   | Noticed a royal mummy
 74089 | Tomb:1   | Killed a royal mummy
 74093 | Tomb:1   | Killed a royal mummy
 74099 | Tomb:1   | Noticed a royal mummy
 74102 | Tomb:1   | Killed a royal mummy
 74103 | Tomb:1   | Killed a royal mummy
 74114 | Tomb:1   | Noticed a royal mummy
 74119 | Tomb:1   | Killed a royal mummy
 74124 | Tomb:1   | Killed a royal mummy
 74235 | Tomb:2   | Identified the +1 leather armour of Pighatem {Harm Rampage}
 74239 | Tomb:2   | Reached skill level 15 in Spellcasting
 74307 | Tomb:3   | Entered Level 3 of the Tomb of the Ancients
 74332 | Tomb:3   | Noticed a royal mummy
 74351 | Tomb:3   | Killed a royal mummy
 74357 | Tomb:3   | Noticed a royal mummy
 74357 | Tomb:3   | Noticed a royal mummy
 74362 | Tomb:3   | Killed a royal mummy
 74362 | Tomb:3   | Noticed a royal mummy
 74367 | Tomb:3   | Killed a royal mummy
 74369 | Tomb:3   | Killed a royal mummy
 74658 | Tomb:3   | Noticed a royal mummy
 74662 | Tomb:3   | Noticed a royal mummy
 74666 | Tomb:3   | Killed a royal mummy
 74667 | Tomb:3   | Killed a royal mummy
 74682 | Tomb:3   | Noticed a royal mummy
 74686 | Tomb:3   | Killed a royal mummy
 74705 | Tomb:3   | Noticed a royal mummy
 74706 | Tomb:3   | Noticed a royal mummy
 74707 | Tomb:3   | Killed a royal mummy
 74711 | Tomb:3   | Killed a royal mummy
 74712 | Tomb:3   | Reached skill level 15 in Evocations
 74836 | Tomb:3   | Got a golden rune of Zot
 74892 | Tomb:3   | Found the +8 mithril axe "Arga" {speed, Will+}
 74899 | Tomb:3   | Found the dreamshard necklace {Acrobat *Dream}
 74903 | Tomb:3   | Identified the +9 hand axe of the Nexus {drain, rN++ Will+
                  | Str+3}
 74905 | Tomb:3   | Identified the ring "Codgheniog" {Fly MP+9 Int+3}
 74909 | Tomb:3   | Identified the amulet "Qenuewn" {rF+ Regen+ Dex+3}
 74915 | Tomb:3   | Got the Octavo of Hyperborean Soot
 74917 | Tomb:3   | Identified the +6 glaive of Breach {vamp, rF- rC+++ Will+
                  | Int+2}
 74918 | Tomb:3   | Identified the staff of the Doomed God {rC+ Will+ Str+3
                  | Tloc Ice}
 74946 | Tomb:3   | Identified the +2 helmet of Calculation {rPois}
 74981 | Tomb:3   | Identified the staff "Barph" {rPois Earth}
 75529 | Zot:1    | Entered Level 1 of the Realm of Zot
 76786 | Zot:1    | You fall into a shaft and drop 1 floor!
 79914 | Zot:5    | Entered Level 5 of the Realm of Zot
 80139 | Zot:5    | Noticed an ancient lich
 80291 | Zot:5    | Noticed an orb of fire
 80291 | Zot:5    | Noticed an orb of fire
 80294 | Zot:5    | Noticed an orb of fire
 80294 | Zot:5    | Noticed an ancient lich
 80297 | Zot:5    | Killed an orb of fire
 80297 | Zot:5    | Killed an orb of fire
 80298 | Zot:5    | Killed an orb of fire
 80299 | Zot:5    | Noticed a dread lich
 80301 | Zot:5    | Killed an ancient lich
 80303 | Zot:5    | Killed a dread lich
 80303 | Zot:5    | Noticed a dread lich
 80306 | Zot:5    | Killed a dread lich
 80319 | Zot:5    | Noticed an orb of fire
 80320 | Zot:5    | Noticed a dread lich
 80320 | Zot:5    | Noticed a dread lich
 80465 | Zot:5    | Killed a dread lich
 80466 | Zot:5    | Killed an orb of fire
 80472 | Zot:5    | Killed a dread lich
 80473 | Zot:5    | Killed an ancient lich
 81041 | Zot:5    | Got the Orb of Zot
 81076 | Zot:5    | Noticed Inoir the pandemonium lord
 81087 | Zot:5    | Killed Inoir the pandemonium lord
 81227 | Zot:1    | Noticed Qoesy the pandemonium lord
 81320 | Depths:1 | Noticed Pelluj the pandemonium lord
 81328 | Depths:1 | Killed Pelluj the pandemonium lord
 81556 | D:8      | Noticed an ancient lich
 81557 | D:8      | Noticed Ratyosoe the pandemonium lord
 81559 | D:8      | Killed an ancient lich
 81563 | D:8      | Killed Ratyosoe the pandemonium lord
 81682 | D:4      | Noticed a seraph
 81693 | D:4      | Killed a seraph
 81821 | D:1      | Noticed Jipnamn the pandemonium lord
 81831 | D:1      | Killed Jipnamn the pandemonium lord
 82118 | D:11     | Noticed Emidoon the pandemonium lord
 82127 | D:11     | Killed Emidoon the pandemonium lord
 82153 | D:11     | Noticed Hyowk the pandemonium lord
 82162 | D:11     | Killed Hyowk the pandemonium lord
 82326 | Shoals:4 | Entered Level 4 of the Shoals
 82386 | Shoals:4 | Noticed Pyiti the pandemonium lord
 82386 | Shoals:4 | Noticed an ancient lich
 82390 | Shoals:4 | Killed an ancient lich
 82395 | Shoals:4 | Killed Pyiti the pandemonium lord
 82501 | Shoals:4 | Noticed Fabbin the pandemonium lord
 82508 | Shoals:4 | Killed Fabbin the pandemonium lord
 82699 | Shoals:4 | Identified the +1 ring mail of Asceticism {rN+}
 82700 | Shoals:4 | Noticed Muotere the pandemonium lord
 82711 | Shoals:4 | Killed Muotere the pandemonium lord
 82939 | Shoals:4 | Noticed Xerocvicli the pandemonium lord
 82948 | Shoals:4 | Killed Xerocvicli the pandemonium lord
 82970 | Shoals:4 | Noticed Geigiono the pandemonium lord
 82978 | Shoals:4 | Killed Geigiono the pandemonium lord
 83081 | Shoals:4 | Noticed Ifeywk the pandemonium lord
 83096 | Shoals:4 | Killed Ifeywk the pandemonium lord
 83250 | Shoals:4 | Got an azure gem with 224 turns to spare
 83254 | Shoals:4 | Got a barnacled rune of Zot
 83303 | Shoals:3 | Noticed Mlioglotl
 83341 | Shoals:2 | Noticed Juamm the pandemonium lord
 83524 | D:10     | Noticed Lyaboullar the pandemonium lord
 83533 | D:10     | Killed Lyaboullar the pandemonium lord
 83725 | D:4      | Noticed Rycepuh the pandemonium lord
 83732 | D:4      | Killed Rycepuh the pandemonium lord
 83852 | D:$      | Escaped with the Orb!

Illustrated notes

Levels and vault maps discovered:
D:1:      saegor_arrival_miasma, layout_basic, serial_shops, shop
D:2:      layout_basic, basic_altar, minmay_3d_cube, uniq_terence
D:3:      layout_loops_ring
D:4:      layout_cave_pods, grunt_ministairs_7
D:5:      layout_basic, kennysheep_slug_shrine, ebering_ghost_inner_flame
D:6:      minmay_bubble_buster, layout_loops_cross, nicolae_ashenzari_skybound,
          lemuel_round_altar, minmay_temple_entry_fiery, gup_sewer_entry_glass
D:7:      nzn_winding_woodlands_cross [nzn_winding_woodlands_5x15_concentric,
          nzn_winding_woodlands_5x15_cabin,
          nzn_winding_woodlands_5x15_sidewinder, nzn_winding_woodlands_5x15_eye,
          nzn_winding_woodlands_15x15_killbox], layout_cave_pools,
          kiku_gazebo_garden_becter
D:8:      layout_gridville, general_overflow_altar, special_room
          [special_room_orc], kennysheep_generic_room_16
D:9:      layout_small_grid, nicolae_uskayaw_dance_studio, serial_shops, shop,
          minmay_st_funbox, hangedman_decor_push, uniq_erolcha, uniq_pikel,
          uniq_jeremiah
D:10:     layout_roguey [special_room_kobold], grunt_temple_overflow_open,
          zombieorc2_lemuel, uniq_lodul, uniq_joseph, uniq_snorg
D:11:     evilmike_library_of_no_secrets, layout_loops_cross,
          grunt_lair_entry_orc_guard_hut, serial_demonic, serial_demonic_f,
          serial_demonic_g, serial_demonic_e, serial_demonic_g,
          serial_demonic_d, serial_demonic_b, serial_demonic_g, serial_demonic_c
D:12:     layout_roguey, gauntlet_entry_generic, uniq_azrael
D:13:     layout_small_grid, st_stairs_4, uniq_kirke
D:14:     layout_rooms, hellmonk_vaults_attempted_burglary, uniq_jorgrun
D:15:     grunt_enter_depths_magical_seal, layout_cave_pools, nicolae_wwwww,
          nicolae_transporter_intersection
Temple:   nicolae_temple_bog_church
Lair:1:   layout_chaotic_city, nzn_ghost_randoct, lemuel_fruit_tree
Lair:2:   layout_loops_ring, serial_bayou_lagoon_a, evilmike_ambush
          [evilmike_ambush_outer_corners, evilmike_ambush_inner_wall_2]
Lair:3:   hellmonk_destroyed_diamonds, layout_loops_ring,
          minmay_shoals_entry_lonely_mermaid, alex1729_snake_entry_snake,
          basic_altar, nzn_masters_of_martial_movement, uniq_rupert
Lair:4:   layout_cellular_growth, slime_entry_2
Lair:5:   guppyfry_lair_end_dragon, layout_layer_cave, wormcave,
          gammafunk_ghost_arena, serial_bayou_shore_b, uniq_sonja
Shoals:1: layout_shoals, serial_shops, shop_statue
Shoals:2: layout_shoals, nicolae_shoals_beach_house_on_fowls_legs,
          uniq_polyphemus
Shoals:3: layout_shoals, serial_shops, nicolae_shop_tiny_glass,
          overgrown_statue, uniq_mlioglotl, uniq_ilsuiw
Shoals:4: shoals_end_hellmonk_lost_city
Snake:1:  layout_onion, drop_trap, grunt_megastairs_2, minmay_shoptagon
Snake:2:  nicolae_snake_nest, layout_grid_shapes, grunt_ministairs_1,
          minmay_shop_grove
Snake:3:  layout_chambers, serial_shops, statue_bzr, st_stairs_2,
          grunt_ministairs_4, guppyfry_snake_island
Snake:4:  snake_pit, layout_cave_town, statue_in_the_mist_lemuel
Slime:1:  layout_caves, cheibrodos_slime_lost_civilization_7
Slime:2:  layout_caves, uniq_dissolution
Slime:3:  layout_caves
Slime:4:  layout_caves, basic_altar
Slime:5:  slime_pit_nicolae_royal_road_to_ruin
Orc:1:    layout_caves, serial_shops, shop_fountains, basic_altar,
          gammafunk_ghost_wrathful_warriors, mines2_david, uniq_nergalle,
          uniq_harold
Orc:2:    grunt_orc_gardens, layout_caves, grunt_orc_garden, grunt_orc_garden,
          grunt_orc_garden, grunt_orc_garden, basic_altar, hellmonk_talismancer
Elf:1:    layout_gridlike, guppyfry_library_mini, nicolae_letterblocks
          [nicolae_letter_subblock, nicolae_letter_subblock,
          nicolae_letter_subblock, nicolae_letter_subblock,
          nicolae_letter_subblock, nicolae_letter_subblock,
          nicolae_letter_subblock, nicolae_letter_subblock,
          nicolae_letter_subblock, nicolae_letter_subblock,
          nicolae_letter_subblock, nicolae_letter_subblock,
          nicolae_letter_subblock, nicolae_letter_subblock,
          nicolae_letter_subblock, nicolae_letter_subblock,
          nicolae_letter_subblock, nicolae_letter_subblock,
          nicolae_letter_subblock, nicolae_letter_subblock,
          nicolae_letter_subblock, nicolae_letter_subblock,
          nicolae_letter_subblock, nicolae_letter_subblock,
          nicolae_letter_subblock], lemuel_upstairs_altar
Elf:2:    nicolae_elf_blades_splatter_lattice
          [nicolae_blade_entry_area_security], layout_geoelf_octagon,
          serial_shops, shop, drop_trap, nicolae_elf_stair_hall
Elf:3:    minmay_elf_hall_circle, layout_geoelf_castle
Vaults:1: vaults_room_hallway, nicolae_vaults_tetromino_Z_2,
          nicolae_vaults_turnstiles, hangedman_vaults_maws,
          nicolae_vaults_quartermaster, nicolae_vaults_closet_pinwheel_4,
          vaults_room_hallway, nicolae_vaults_layer_cake_slice, serial_ice_h,
          layout_vaults_quadrants, serial_shops, shop
Vaults:2: gammafunk_ghost_smash, vaults_dpeg_cross, nicolae_vaults_house_1,
          nicolae_vaults_octothorpe, nicolae_vaults_little_squares_5, v_misc_10,
          minmay_crypt_entry_necro_gods, v_misc_2,
          nicolae_vaults_border_crossing, nicolae_vaults_little_squares_6,
          nicolae_vaults_ring_of_whatevers, nicolae_vaults_trapezoid_lopsided_2,
          hangedman_vaults_corner, nicolae_vaults_sightless_eye,
          hangedman_vaults_corner_blocks, nicolae_vaults_bisected_slash,
          layout_vaults_maze, serial_shops, shop
Vaults:3: nicolae_vaults_closet_pinwheel_5, v_misc_24,
          nicolae_vaults_closet_pinwheel_5, vaults_mumra_hex,
          nicolae_vaults_twisting_passages, dpeg_vaults_monster_box,
          nicolae_vaults_big_ls, nicolae_vaults_tetromino_Z_1,
          layout_vaults_ring, uniq_asterion
Vaults:4: nicolae_vaults_specimen_jars, nicolae_vaults_cornered_office,
          nicolae_vaults_stepped_doors, v_pattern_2, v_misc_28,
          nicolae_vaults_closet_pinwheel_4, vaults_room_grunt_arrival_ludios,
          ontoclasm_vaults_decontamination, layout_vaults_big_room,
          serial_shops, shop, uniq_norris, uniq_sojobo
Vaults:5
Crypt:1:  layout_chaotic_city, glass_columns_a, grunt_crypt_arrival_webbed
Crypt:2:  layout_gridlike
Crypt:3:  church_of_pain_bobbens, layout_chaotic_city,
          nicolae_tomb_entry_unfolded_pyramid_orthogonal, uniq_josephina
Tomb:1
Tomb:2
Tomb:3
Depths:1: layout_honeycomb, serial_shops, nicolae_shop_trees,
          nicolae_lakefront_shop, kennysheep_nondescript, lightli_too_deep,
          lemuel_freeze_loot_1, grunt_megastairs_4
Depths:2: cheibrodos_witchhunters_guild, layout_gridlike, enter_ziggurat_f,
          abyss_entry, grunt_pan_entry_zigzag, hell_entry
Depths:3: dreamdust_merry_men, layout_honeycomb, tso_altar, abyss_entry,
          pf_coc_iceberg, serial_bayou_shore_b
Depths:4: hangedman_spin_cycle, hell_entry
Hell
Dis:1:    layout_jigsaw, minmay_strange_pillars, nicolae_dis_grated_feature
Dis:2:    layout_overlapping_boxes
Dis:3:    layout_gridville, nicolae_dis_metal_lava_thing
Dis:6:    layout_jigsaw, nicolae_dis_big_boring_drill
Dis:7:    dis_hangedman
Geh:1:    layout_gehenna_pools_box
Geh:2:    layout_gehenna_pools_basic
Geh:4:    layout_gehenna_pools_box
Geh:5:    layout_gehenna_pools_basic
Geh:6:    layout_gehenna_lava_caves
Geh:7:    geh_grunt_pentagon
Coc:1:    layout_ice_bergs
Coc:2:    layout_ice_bergs
Coc:3:    layout_ice_bergs
Coc:4:    layout_cocytus_water_paths
Coc:5:    layout_cocytus_water_paths
Coc:6:    nicolae_coc_city_of_iceburg
Coc:7:    coc_grunt
Tar:1:    nicolae_tar_intersect_combbox, layout_cathedral_of_symmetry
Tar:2:    layout_catacombs
Tar:3:    layout_honeycomb
Tar:4:    layout_grid_maze
Tar:5:    layout_grid_maze
Tar:6:    layout_grid_maze
Tar:7:    tar_minmay_river
Zot:1:    layout_gridlike, st_small_dragon_hoard_3, hangedman_hellfire_club
Zot:2:    layout_cellular_growth
Zot:3:    layout_gridlike, regret_index_zotdec_twisting_globes
Zot:4:    layout_twisted_circle, st_stairs_8
Zot:5:    layout_twisted_circle

Skill      XL: |  1  2  3  4  5  6  7  8  9 10 11 12 13 14 15 16 17 18 19 20 21 22 23 24 25 26 27 |
---------------+----------------------------------------------------------------------------------+-----
Unarmed Combat | 4 5 6 8 9 11 13 14 16 17 18 19 20 21 22 23 24 27 | 27.0
Fighting       | 3 6 9 10 13 15 17 18 20 21 22 27 | 27.0
Stealth        | 2 3 |  3.0
Dodging        | 3 5 6 7 8 9 10 11 12 13 15 16 17 18 19 27 | 27.0
Invocations    | 1 5 6 9 11 13 14 27 | 27.0
Shapeshifting  | 2 5 9 12 14 16 17 18 19 20 21 23 | 23.0
Spellcasting   | 23 | 23.8
Translocations | 8 |  8.0
Air Magic      | 8 |  8.0
Evocations     | 22 | 22.0

Action                     |  1- 3 |  4- 6 |  7- 9 | 10-12 | 13-15 | 16-18 | 19-21 | 22-24 | 25-27 || total
---------------------------+-------+-------+-------+-------+-------+-------+-------+-------+-------++-------
  Melee: Unarmed           |    66 |   120 |   197 |   782 |  1274 |   958 |  1083 |   889 |  5099 || 10468
         Bite              |    21 |    46 |    87 |   342 |   641 |   397 |   452 |   391 |  2213 ||  4590
         Punch             |       |       |       |       |       |    72 |   160 |   156 |  1140 ||  1528
  Throw: Throwing net      |       |       |     3 |     1 |       |       |       |       |       ||     4
         Dart              |       |       |       |     3 |     9 |       |       |       |       ||    12
   Cast: Manifold Assault  |       |       |       |       |       |       |       |       |   181 ||   181
 Invoke: Heal Self         |       |       |       |     2 |    18 |     9 |     4 |       |       ||    33
         Divine Vigour     |       |       |       |       |     5 |     2 |     1 |     2 |       ||    10
         Stomp             |       |       |       |       |       |       |       |     8 |    34 ||    42
         Grand Finale      |       |       |       |       |       |       |       |     4 |    38 ||    42
         Line Pass         |       |       |       |       |       |       |       |     2 |    14 ||    16
  Evoke: Wand              |       |       |       |       |     6 |    12 |     2 |     1 |     2 ||    23
         Box of beasts     |       |       |       |       |     1 |     1 |     1 |       |     5 ||     8
         Condenser vane    |       |       |       |       |     1 |       |     1 |     1 |     4 ||     7
         Phantom mirror    |       |       |       |       |       |     1 |     1 |     1 |     2 ||     5
         Phial of floods   |       |       |       |       |       |     1 |       |       |       ||     1
         Horn of Geryon    |       |       |       |       |       |       |       |       |     4 ||     4
    Use: Scroll            |       |       |    10 |    10 |    16 |    13 |     6 |     9 |    39 ||   103
         Potion            |       |       |       |     2 |     3 |       |       |     2 |    11 ||    18
   Stab: Distracted        |       |       |       |     1 |     4 |     1 |     3 |     2 |    60 ||    71
         Petrifying        |       |       |       |     1 |       |       |       |       |       ||     1
         Sleeping          |       |       |       |       |     2 |    13 |    14 |     6 |    50 ||    85
         Petrified         |       |       |       |       |     6 |       |       |       |       ||     6
         Invisible         |       |       |       |       |       |     1 |     1 |       |       ||     2
         Paralysed         |       |       |       |       |       |       |       |    57 |   586 ||   643
         Confused          |       |       |       |       |       |       |       |       |    10 ||    10
 Armour: Robe              |     5 |       |       |       |       |       |       |       |  1041 ||  1046
         Leather armour    |    18 |    59 |   139 |   286 |       |       |       |       |       ||   502
         Skin              |       |       |       |    75 |       |       |   865 |   714 |   582 ||  2236
         Troll leather arm |       |       |       |   202 |   796 |   613 |   109 |       |    41 ||  1761
  Dodge: Dodged            |    45 |    70 |   150 |   639 |   994 |   602 |  1201 |  1095 |  4201 ||  8997
  Block: Other             |       |       |       |       |       |    39 |   168 |    24 |       ||   231
   Form: Blade             |       |       |       |       |       |     2 |     1 |       |       ||     3
         Statue            |       |       |       |       |       |     1 |     3 |       |     3 ||     7
                           |       |       |       |       |       |       |     1 |       |     1 ||     2
         Death             |       |       |       |       |       |       |       |       |     6 ||     6
         Dragon            |       |       |       |       |       |       |       |       |     1 ||     1

Table legend: (Time is in decaauts)
 A = Elapsed time spent in this place.
 B = Non-inter-level travel time spent in this place.
 C = Inter-level travel time spent in this place.
 D = Time resting spent in this place.
 E = Time spent auto-exploring this place.
 F = Levels seen in this place.
 G = Mean time per level.
                   A        B        C        D        E       F      G
               +--------+--------+--------+--------+--------+-----+--------+
         Total |  91511 |  78066 |  13445 |   1508 |  56120 | 101 |  906.0 |
       Dungeon |  16407 |  11503 |   4904 |     88 |   8400 |  15 | 1093.8 |
        Temple |     26 |     16 |     10 |      0 |      0 |   1 |   26.0 |
          Lair |   6322 |   4932 |   1390 |     23 |   3746 |   5 | 1264.4 |
        Shoals |   2566 |   2324 |    242 |      0 |   1602 |   4 |  641.5 |
     Snake Pit |   5305 |   4731 |    574 |    100 |   3568 |   4 | 1326.2 |
    Slime Pits |   3965 |   3486 |    479 |     70 |   2514 |   5 |  793.0 |
  Orcish Mines |   2008 |   1510 |    498 |    115 |    872 |   2 | 1004.0 |
   Elven Halls |   4712 |   3764 |    948 |     81 |   2316 |   3 | 1570.7 |
        Vaults |   8977 |   7745 |   1232 |    332 |   5630 |   5 | 1795.4 |
         Crypt |   3483 |   3144 |    339 |      0 |   2289 |   3 | 1161.0 |
          Tomb |   2636 |   2280 |    356 |     94 |   1543 |   3 |  878.7 |
        Depths |   6161 |   5092 |   1069 |      0 |   4018 |   4 | 1540.2 |
          Hell |    823 |    608 |    215 |     60 |    338 |   1 |  823.0 |
           Dis |   3065 |   2882 |    183 |     36 |   2115 |   5 |  613.0 |
       Gehenna |   1857 |   1626 |    231 |      0 |   1204 |   6 |  309.5 |
       Cocytus |   2672 |   2457 |    215 |      3 |   1883 |   7 |  381.7 |
      Tartarus |   2852 |   2607 |    245 |      0 |   2124 |   7 |  407.4 |
           Zot |   5456 |   5147 |    309 |    207 |   4193 |   5 | 1091.2 |
         Abyss |   1677 |   1677 |      0 |      0 |    780 |   3 |  559.0 |
   Pandemonium |  10117 |  10117 |      0 |    287 |   6769 |  12 |  843.1 |
      Gauntlet |    415 |    415 |      0 |      9 |    211 |   1 |  415.0 |
               +--------+--------+--------+--------+--------+-----+--------+

Top non-repeatable levels by time:
Depths:1: 2124 daAuts
Vaults:5: 2111 daAuts
   Dis:7: 2059 daAuts
Vaults:1: 2049 daAuts
Vaults:3: 1871 daAuts
   Elf:3: 1860 daAuts
    D:11: 1824 daAuts
 Crypt:3: 1665 daAuts
  Lair:3: 1662 daAuts
Depths:2: 1648 daAuts
   Tar:7: 1637 daAuts
 Snake:3: 1637 daAuts
 Snake:4: 1629 daAuts
   Elf:1: 1579 daAuts
  Lair:5: 1558 daAuts
